 Dungeon Crawl Stone Soup: Circus Animals version 1.7-37-g2c94cca (webtiles) character file.

1075790 DarthKuruptios the Axe Maniac (level 39, 303/455 HPs) *EASY*
             Began as a Demonspawn Berserker on Aug 19, 2016.
             Was the Champion of Trog.
             Escaped with the Orb
             ... and 20 runes on Aug 25, 2016!
             The game lasted 16:36:59 (194445 turns).

DarthKuruptios the Axe Maniac (DsBe)              Turns: 194445, Time: 16:37:00

Health: 303/455    AC: 66    Str: 35    XL:     39   Next: 4%
Magic:  75/75      EV: 41    Int: 21    God:    Trog [******]
Gold:   33548      SH:  0    Dex: 33    Spells: 0 memorised, 38 levels left

rFire  + + .     rPois    .     L - +12 executioner's axe of Conversion {flame, MR+ Str+5}
rCold  + + .     rElec    +     p - +14 crystal plate armour {rC+}
rNeg   + + .     rCorr    +     (shield currently unavailable) MagicSh . . . SeeInvis +
                                (helmet unavailable) StaminaSh . . . Faith .
                                y - +0 cloak of Pride {rF+ Int+2 SP+25} RegenHP ++++++....
SustAt .                        b - +0 pair of fencer's gloves {+Riposte Dex+6} RegenSP +++++++... Dismiss .
                                r - +5 pair of boots "Wuagodd" {rCorr Int+3 Slay-3} RegenMP +++....... Reflect .
                                z - amulet of Poabeit {RegenSP rElec Str+3 Int+3}
MR     ++++.     Harm     .     C - ring of Suspicion {+Inv rC+ rN+ MP-25 EV+2 Slay+5}
Stlth  ++........               D - +6 ring of strength

@: mildly poisoned (303 -> 303), quick, sanguine armour, repel missiles,
incredibly resistant to hostile enchantments, unstealthy
A: antennae 3, fangs 1, repulsion field 3, sanguine armour 2, agile 1, demonic
guardian 3, fire resistance 1, hurl hellfire, foul stench 2, negative energy
resistance 1, nightstalker 3, sense surroundings 2, partial torment resistance
1, wild magic 1, black mark, rot immunity, flame cloud immunity
a: Hellfire, Berserk, Trog's Hand, Brothers in Arms, Burn Spellbooks, Renounce
Religion, Evoke Invisibility
0: Orb of Zot
}: 20/20 runes: decaying, serpentine, barnacled, slimy, elven, silver, golden,
iron, obsidian, icy, bony, abyssal, demonic, glowing, magical, fiery, dark,
gossamer, dwarven, creeping


You were on level 0 of the Realm of Zot.
You worshipped Trog.
Trog was exalted by your worship.
You were not hungry.

You visited 21 branches of the dungeon, and saw 119 of its levels.
You visited Pandemonium 1 time, and saw 14 of its levels.
You visited the Abyss 9 times.
You visited 4 ziggurats (completing 3), and saw 92 of their levels.
You also visited: Sewer and Ice Cave.

You collected 38864 gold pieces.
You spent 5316 gold pieces at shops.

Inventory:

Hand Weapons
 c - the +6 executioner's axe "DarthKuruptios's Doom" {drain, Dex+3}
   (You found it on level 26 of a ziggurat)

   A truly terrible weapon, it drains the life of those it strikes.
   It affects your dexterity (+3).
 e - the +7 sceptre of Asmodeus
   (You took it off Asmodeus on level 7 of Gehenna)
 o - the cursed +7 executioner's axe of Haqoux {chop, Str+2 Dex+2}
   (Trog gifted it to you on level 1 of the Enchanted Forest)

   It inflicts extra damage upon your enemies.
   It affects your strength (+2).
   It affects your dexterity (+2).
   It has a curse placed upon it.
   (200)
 u - the +8 Wrath of Trog {antimagic, *Rage}
   (You found it on level 15 of a ziggurat)

   It reduces the magical energy of the wielder, and disrupts the spells and
   magical abilities of those hit.
   Natural abilities and divine invocations are not affected.
   It may make you go berserk in combat.
 L - the +12 executioner's axe of Conversion (weapon) {flame, MR+ Str+5}
   (Trog gifted it to you on level 4 of the Snake Pit)

   It has been specially enchanted to burn those struck by it, causing extra
   injury to most foes and up to half again as much damage against particularly
   susceptible opponents.
   Big, fiery blades are also staple armaments of hydra-hunters.
   It affects your strength (+5).
   It affects your resistance to hostile enchantments.
 N - the +10 dark maul {crush}
   (You found it on level 10 of a ziggurat)

   It inflicts extra damage upon your enemies.
Missiles
 j - 2 javelins of penetration (quivered)
 A - 33 large rocks
Armour
 b - the +0 pair of fencer's gloves (worn) {+Riposte Dex+6}
   (You found it on level 25 of a ziggurat)

   It affects your dexterity (+6).
 f - the +0 pair of gloves of Lushol {rF- rCorr Str+4 SP+25}
   (You found it on level 4 of the Dungeon)

   It affects your strength (+4).
   It makes you vulnerable to fire.
   It affects your stamina capacity (+25).
   It protects you from acid and corrosion.
 i - the +9 armour of the Dragon King {rPois rF+ rC+ MR+}
   (You found it on level 5 of a ziggurat)

   It protects you from fire.
   It protects you from cold.
   It protects you from poison.
   It affects your resistance to hostile enchantments.
 p - a +14 crystal plate armour of cold resistance (worn)
 r - the +5 pair of boots "Wuagodd" (worn) {rCorr Int+3 Slay-3}
   (You bought it in a shop on level 1 of the Depths)

   It affects your intelligence (+3).
   It affects your accuracy and damage with ranged weapons and melee attacks
   (-3).
   It protects you from acid and corrosion.
 t - the +2 pair of boots of the Bard {Dex+4}
   (You found it on level 27 of a ziggurat)

   It affects your dexterity (+4).
 w - the +0 pair of boots of Jivap {RegenHP+}
   (You found it on level 7 of the Iron City of Dis)

   It increases your rate of regeneration.
 y - the +0 cloak of Pride (worn) {rF+ Int+2 SP+25}
   (You bought it in a shop on level 7 of the Orcish Mines)

   It affects your intelligence (+2).
   It protects you from fire.
   It affects your stamina capacity (+25).
 S - the +3 pair of boots "Qop Netu" {rF+ Str+4}
   (You found it on level 20 of a ziggurat)

   It affects your strength (+4).
   It protects you from fire.
Jewellery
 k - the ring "Ymmet" {rElec Dex+2 SInv, unknown}
   (You found it on level 10 of a ziggurat)

   [ring of see invisible]

   It affects your dexterity (+2).
   It insulates you from electricity.
   It lets you see invisible.
 x - the ring "Buak" {+Fly rPois rF+ MR+ Str-2}
   (You found it on level 13 of a ziggurat)

   [ring of poison resistance]

   It affects your strength (-2).
   It protects you from fire.
   It protects you from poison.
   It affects your resistance to hostile enchantments.
   It lets you fly.
 z - the amulet of Poabeit (around neck) {RegenSP rElec Str+3 Int+3}
   (You bought it in a shop on level 7 of the Orcish Mines)

   [amulet of stamina regeneration]

   It increases your stamina regeneration.
   It affects your strength (+3).
   It affects your intelligence (+3).
   It insulates you from electricity.
 C - the ring of Suspicion (right hand) {+Inv rC+ rN+ MP-25 EV+2 Slay+5}
   (You found it on level 27 of a ziggurat)

   [ring of evasion]

   It affects your evasion (+2).
   It affects your accuracy and damage with ranged weapons and melee attacks
   (+5).
   It protects you from cold.
   It protects you from negative energy.
   It affects your magic capacity (-25).
   It lets you turn invisible.
 D - a +6 ring of strength (left hand)
 I - the ring of the Mackerel {SustAt *Drain rF+ rN+++ Slay+3}
   (You took it off a black sun in Pandemonium)

   [ring of sustain attributes]

   It sustains your strength, intelligence and dexterity.
   It affects your accuracy and damage with ranged weapons and melee attacks
   (+3).
   It protects you from fire.
   It renders you almost immune to negative energy.
   It causes draining when unequipped.
 J - the ring "Tuse Ren" {rF+ MR+ Str+2 Dex-3, unknown}
   (You found it on level 7 of a ziggurat)

   [ring of protection from fire]

   It affects your strength (+2).
   It affects your dexterity (-3).
   It protects you from fire.
   It affects your resistance to hostile enchantments.
 K - the ring of Spite {+Fly rF+ rC+++ EV+4 Stlth-}
   (You found it on level 9 of a ziggurat)

   [ring of evasion]

   It affects your evasion (+4).
   It protects you from fire.
   It renders you almost immune to cold.
   It lets you fly.
   It makes you less stealthy.
 O - the cursed ring of Pilech {rC++ Str-3 Int+2 Slay-3, unknown}
   (You found it on level 10 of a ziggurat)

   [ring of slaying]

   It affects your strength (-3).
   It affects your intelligence (+2).
   It affects your accuracy and damage with ranged weapons and melee attacks
   (-3).
   It greatly protects you from cold.
   It has a curse placed upon it.
   (100)
 Q - the ring "Loyloyhaza" {Slay+5 SInv}
   (You found it on level 27 of a ziggurat)

   [ring of see invisible]

   It affects your accuracy and damage with ranged weapons and melee attacks
   (+5).
   It lets you see invisible.
Wands
 a - a wand of digging (79/288)
 d - a wand of teleportation (40/81)
 g - a wand of heal wounds (26/33)
 h - a wand of flame (65/96)
 l - a wand of disintegration (116/288)
 B - a wand of enslavement (20/24)
 H - a wand of hasting (8/18)
 M - a wand of iceblast (7/15)
 P - a wand of random effects (27/48)
Scrolls
 e - 82 scrolls of enchant weapon
 f - 153 scrolls of identify
 k - 68 scrolls of remove curse
 l - 129 scrolls of teleportation
 n - 45 scrolls of blinking
 p - 70 scrolls of fog
 r - 34 scrolls of magic mapping
 t - 35 scrolls of noise
 u - 24 scrolls of immolation
 v - 47 scrolls of fear
 x - 13 scrolls of brand weapon
 y - 56 scrolls of enchant armour
 C - 27 scrolls of holy word
 D - 44 scrolls of recharging
 F - 14 scrolls of silence
 H - 13 scrolls of summoning
 J - 6 scrolls of vulnerability
 L - 2 scrolls of torment
Potions
 a - 33 potions of heal wounds
 b - 148 potions of stamina
 c - 81 potions of magic
 d - 41 potions of lignification
 g - 68 potions of ambrosia
 h - 144 potions of curing
 i - 47 potions of agility
 j - 27 potions of invisibility
 m - 58 potions of brilliance
 o - 148 potions of weak mutation
 q - 45 potions of haste
 s - 21 potions of resistance
 w - 51 potions of cure mutation
 z - 45 potions of flight
 A - 39 potions of might
 B - 30 potions of mutation
 E - 29 potions of berserk rage
 G - 21 potions of cancellation
Miscellaneous
 m - a disc of storms
 n - a fan of gales
 q - 30 boxes of beasts
 s - 33 sacks of spiders
 v - a disc of storms
 E - a figurine of a ziggurat
 G - 45 phantom mirrors


   Skills:
 + Level 56.2 Fighting
 + Level 67.0 Axes
 * Level 12.8 Maces & Flails
   Level 7.8 Polearms
 * Level 12.4 Staves
 + Level 24.4 Throwing
 + Level 40.1 Armour
 + Level 40.5 Dodging
 + Level 20.0 Stealth
   Level 6.5 Shields
 + Level 11.9 Unarmed Combat
   Level 5.1 Fire Magic
   Level 6.5 Earth Magic
 + Level 27.1 Evocations


You had 38 spell levels left.
You didn't know any spells.

Dungeon Overview and Level Annotations

Branches:
    Coc (7/7) Hell          Crypt (4/4) Forest:3     Depths (7/7) Forest:7
    Dis (7/7) Hell        Dungeon (7/7)               Dwarf (4/4) Orc:3
    Elf (4/4) Orc:4        Forest (7/7) Orc:7           Geh (7/7) Hell
   Lair (7/7) D:7             Orc (7/7) Lair:7       Shoals (4/4) Lair:3
  Slime (4/4) Forest:5      Snake (4/4) Lair:3       Spider (4/4) Orc:6
  Swamp (4/4) Lair:6          Tar (7/7) Hell           Tomb (4/4) Depths:3
 Vaults (4/4) Forest:4       Hell (1/1)                 Zot (7/7) Depths:7

Altars:
Ashenzari
Cheibriados
Dithmenos
Gozag
Hepliaklqana
Kikubaaqudgha
Makhleb
Qazlal
Trog
Uskayaw
Vehumet
Xom
Yredelemnul
Beogh
Jiyva
Lugonu

Shops:
Depths:1 [   Depths:3 !   D:6 *   Dwarf:1 :   Elf:2 :   Elf:3 =   Orc:3 =
Orc:7 }?[*   Shoals:3 }}(*   Snake:4 !*[*}   Vaults:3 *

Portals:
Abyss: Depths:4
Pandemonium: Depths:3 Orc:7
Hell: Depths:1 Depths:2 Depths:3 Depths:4 Depths:5 Depths:6 Depths:7

Annotations:
Elf:2 1 runed door
Forest:5 1 exclusion


Innate Abilities, Weirdness & Mutations

You have a pair of large antennae on your head. (SInv)
You are surrounded by a strong repulsion field. (EV +4, RMsl)
When seriously injured, your bleeding wounds create thick armour. (AC +9)
A powerful demonic guardian rushes to your aid.
Your flesh is heat resistant. (rF+)
You can hurl hellfire.
You frequently emit foul miasma when damaged in melee.
You resist negative energy. (rN+)
You are completely attuned to the shadows.
You are somewhat able to resist unholy torments (25% chance).
Your melee attacks may debilitate your foes.
You are immune to rotting.
You are immune to clouds of flame.
You have very sharp teeth.
You are agile. (Dex +2)
You passively map the area around you.
Your spells are a little harder to cast, but a little more powerful.


Message History

Where to? (Enter - Zot:1, ? - help)
Okay, then.
Travelling... (hp-1)
You feel sick. (hp-3)
You feel sick. (hp-1)
You feel sick. (hp-1)
You feel sick. (hp-1)
You feel sick. (hp-1)
You feel sick. (hp-1)
You feel sick. (hp-1)
You feel sick. (hp-1)
You feel sick. (hp-1)
You feel sick. (hp-1)
You feel sick.
Found a gate leading back out of this place. (hp-1)
You feel sick.
There is a gate leading back out of this place here.
You can't go down here! (hp-1)
You feel sick.
You have escaped!

,* *,,,,*,,,,,,,,,,,*,,,* ,*
*,,,,*,,,,,,,,,,,*,,,*
*****************,***,***,,***,**
**,,*,,,,*,**********,********,**
,,,,,,,,,*,,,#.....+,,,,,,,,,,,,,
,,,,,,,,,*,,,+.....*,,,,,,,,,....
,,,,,,,,,*,,,#....###+#*######...
,,,,,,,,,*,,,#....##..###...##...
,,,,,,,,,*,,,*#.@.##.............
**,,***,***,,*#...##...........).
,*,,*******,,*#.............##)).
,,,,,,,,,,,,,...............###)#
,,,,,,,,,,,,,...................)
*,,********,,##...#######...##...
*,,********,,*#...**,,**#...##...
,,,,,,,,*,,,,**,,,**,,,*,,,,####'
,,,,,,,,*,,,,,*,,,,,,,,*,,,,.....


There were no monsters in sight!

Vanquished Creatures
  Antaeus (Coc:7)
  Gloorx Vloq (Pan)
  Asmodeus (Geh:7)
  Lom Lobon (Pan)
  Ereshkigal (Tar:7)
  the Serpent of Hell (Coc:7)
  the Royal Jelly (Slime:4)
  Dispater (Dis:7)
  Mnoleg (Pan)
  A seraph (Pan)
  7 orbs of fire (Zot:7)
  Mara (Forest:5)
  Khufu (Tomb:3)
  7 curse toes
  4 juggernauts (shapeshifter)
  21 ancient liches
  31 giant centipedes
  Mennas (twice) (Forest:4 Pan)
  7 juggernauts
  32 pandemonium lords
  77 greater mummies
  27 shard shrikes
  Sojobo (Crypt:1)
  Geryon (Hell)
  Boris (Forest:1)
  Frederick (Tomb:4)
  21 caustic shrikes
  7 shard shrikes (shapeshifter)
  3 caustic shrikes (shapeshifter)
  14 Killer Klowns
  Xtahua (Depths:4)
  A pearl dragon (Pan)
  25 Orb Guardians
  Margery (twice) (Forest:2 Depths:6)
  12 doom hounds
  76 golden dragons
  23 profane servitors
  22 death cobs
  23 electric golems
  Nikola (Dwarf:4)
  32 bone dragons
  the Enchantress (Forest:7)
  34 Tzitzimimeh
  Saint Roka (Snake:3)
  25 iron giants
  32 Hell Sentinels
  15 hellephants
  2 hellephants (shapeshifter)
  72 Brimstone Fiends
  A shard shrike skeleton (Tar:4)
  7 quicksilver dragons
  108 tentacled monstrosities
  6 titans (shapeshifter)
  53 Ice Fiends
  38 titans
  6 eldritch tentacles
  7 tentacled starspawn
  2 acid blobs (shapeshifter)
  28 liches
  41 Executioners
  Arachne (Spider:2)
  55 acid blobs
  18 sphinxes
  6 deep elf master archers
  14 deep elf blademasters
  2 sphinxes (shapeshifter)
  41 storm dragons
  Jorgrun (Spider:4)
  20 azure jellies
  29 shadow dragons
  Rupert (Spider:1)
  24 draconian monks
  14 daevas
  27 ancient champions
  A frost giant (shapeshifter) (Abyss:7)
  Polyphemus (Shoals:2)
  17 tengu reavers
  A kraken (Shoals:3)
  50 balrugs
  23 vault wardens
  33 draconian knights
  11 revenants
  25 draconian scorchers
  Roxanne (Elf:3)
  14 warmongers
  28 draconian shifters
  40 draconian zealots
  An elemental wellspring (Coc:7)
  15 thorn hunters
  43 cacodemons
  A minotaur (shapeshifter) (Zig:7)
  A ghost moth (shapeshifter) (Zig:13)
  An entropy weaver (shapeshifter) (Zig:26)
  36 draconian annihilators
  19 curse skulls
  Ilsuiw (Shoals:4)
  32 fire giants
  10 deep elf sorcerers
  6 juggernaut skeletons
  4 caustic shrike skeletons
  4 juggernaut zombies
  18 iron dragons
  11 caustic shrike zombies
  39 war gargoyles
  22 angels
  41 greater nagas
  25 ironheart preservers
  19 draconian callers
  45 frost giants
  24 corrupters
  29 ophanim
  10 blood saints
  Agnes (Spider:3)
  20 bennus
  147 reapers
  4 deep elf elementalists
  30 green draconians
  Aizul (Swamp:3)
  32 spriggan defenders
  34 black draconians
  17 lorocyprocas
  44 white draconians
  22 chaos champions
  31 red draconians
  45 yellow draconians
  31 purple draconians
  Maud (Lair:6)
  30 vampire knights
  26 apis
  72 very ugly things
  13 black suns
  13 orc warlords
  3 spectral krakens (Tar:7)
  42 mottled draconians
  9 dire elephants
  A spark wasp (shapeshifter) (Zig:8)
  10 ghouls
  3 unborn deep dwarves
  7 crystal guardians
  52 ghost moths
  26 deep elf annihilators
  74 green deaths
  19 deep elf demonologists
  12 death oozes
  25 emperor scorpions
  9 hell beasts
  An ettin (shapeshifter) (Zig:8)
  29 yaktaur captains
  8 rakshasas
  A minotaur (Forest:6)
  86 stone giants
  72 mummy priests
  A catoblepas (shapeshifter) (Zig:21)
  19 deep elf death magi
  25 monstrous demonspawn
  52 fire dragons
  16 centaur warriors
  2 ice dragons (shapeshifter)
  26 entropy weavers
  14 deep elf high priests
  Azrael (Snake:2)
  24 eidola
  20 jiangshi
  6 holy swine (Pan)
  67 blizzard demons
  9 thrashing horrors
  23 great orbs of eyes
  11 quicksilver dragon zombies
  48 vault guards
  9 merfolk impalers
  50 death scarabs
  34 deep dwarf death knights
  24 merfolk javelineers
  7 giant centipede zombies
  48 spriggan air magi
  16 quicksilver dragon skeletons
  36 spark wasps
  20 gelid demonspawn (Pan)
  An iron giant zombie (Tar:4)
  10 tengu warriors
  6 death knights
  188 hell hogs
  24 naga warriors
  47 ettins
  21 iron golems
  15 cherubim
  34 deep troll earth magi
  3 iron giant skeletons
  2 fire crabs (shapeshifter)
  16 ghost crabs
  44 deep troll shamans
  4 merfolk avatars
  74 ice dragons
  60 dancing weapons
  9 wretched stars
  54 spriggan berserkers
  A hell hog zombie (Tar:7)
  20 merfolk aquamancers
  117 spatial maelstroms
  9 alligator snapping turtles
  An iron troll (shapeshifter) (Zig:22)
  37 anacondas
  21 alligators
  33 vampire magi
  2 unseen horrors (shapeshifter) (Vaults:1)
  A swamp dragon (shapeshifter) (Zig:2)
  49 death drakes
  71 shadow demons
  97 hydras
  22 titan zombies
  161 hell knights
  25 satyrs
  10 catoblepae
  3 spark wasp zombies (Zig:15)
  2 deep trolls (shapeshifter)
  14 wizards
  54 deep elf knights
  23 storm dragon zombies
  An obsidian statue (Zig:4)
  A hill giant (shapeshifter) (Depths:2)
  39 iron trolls
  24 ironbrand convokers
  67 anubis guards
  2 hell hog skeletons
  267 skeletal warriors
  21 golden dragon zombies
  An orb spider (shapeshifter) (Vaults:4)
  12 small abominations
  21 putrid demonspawn
  4 draconian zombies
  15 death yaks
  7 giant orange brains
  18 storm dragon skeletons
  47 smoke demons
  5 shock serpent zombies
  13 titan skeletons
  11 spectral swamp worms (Tar:7)
  A queen ant (Lair:4)
  16 shadow dragon zombies
  16 shadow wraiths
  15 naga sharpshooters
  3 mana vipers (shapeshifter)
  A griffon (shapeshifter) (Zig:21)
  52 flayed ghosts
  4 eyes of devastation
  2 gargoyles
  28 shock serpents
  8 molten gargoyles
  9 ghost moth zombies
  31 deep elf archers
  62 worldbinders
  86 large abominations
  A wolf spider (shapeshifter) (Zig:13)
  107 deep trolls
  9 sphinx zombies
  8 hill giants
  14 tengu zombies
  2 salamanders (shapeshifter)
  16 anaconda zombies
  8 salamander mystics
  19 shadow dragon skeletons
  63 soul eaters
  18 golden dragon skeletons
  17 efreet
  2 draconian skeletons
  An orange crystal statue (Dwarf:1)
  8 human zombies
  5 sphinx skeletons
  2 shock serpent skeletons
  2 octopodes (shapeshifter)
  9 anaconda skeletons
  A moth of wrath (shapeshifter) (Zig:13)
  32 orc high priests
  10 shining eyes
  40 phantasmal warriors
  26 ogre magi
  8 apocalypse crabs
  A black mamba (shapeshifter) (Zig:2)
  5 silent spectres
  2 mottled draconian zombies
  An elephant (shapeshifter) (Vaults:2)
  13 tengu skeletons
  A cyclops (shapeshifter) (Vaults:2)
  66 rust devils
  16 deep dwarf berserkers
  136 deep elf magi
  51 swamp dragons
  97 sun demons
  A red draconian zombie (Tar:7)
  2 yellow draconian zombies (Tar:7)
  20 iron dragon zombies
  30 sea snakes
  71 necromancers
  12 frost giant zombies
  2 emperor scorpion zombies
  9 wolf spider zombies
  2 green draconian zombies
  18 spriggan druids
  50 shambling mangroves
  24 vault sentinels
  An ancient zyme (Abyss:5)
  83 hellions
  9 stone giant skeletons
  An anaconda simulacrum (Hell)
  12 spriggan zombies
  A wind drake (shapeshifter) (Zig:9)
  16 iron dragon skeletons
  13 fire giant skeletons
  19 fire giant zombies
  21 frost giant skeletons
  A titan simulacrum (Zig:15)
  4 fire crabs
  113 tormentors
  A yellow draconian skeleton (Tar:7)
  6 harpy skeletons
  4 catoblepas zombies
  11 naga ritualists
  17 harpies
  16 stone giant zombies
  15 infernal demonspawn
  A purple draconian skeleton (Tar:1)
  79 ugly things
  A komodo dragon (shapeshifter) (Zig:13)
  80 yaktaurs
  A storm dragon simulacrum (Vaults:3)
  12 mana vipers
  133 red devils
  94 guardian mummies
  4 green draconian skeletons
  A troll (shapeshifter) (Zig:13)
  11 dire elephant zombies
  16 hydra zombies
  6 tengu conjurers
  18 elf zombies
  22 torturous demonspawn
  16 elf skeletons
  28 salamanders
  A meliai (shapeshifter) (Zig:13)
  13 fire dragon zombies
  A giant leech (shapeshifter) (Depths:5)
  A golden dragon simulacrum (Zig:10)
  A slime creature (shapeshifter) (Zig:22)
  A snapping turtle (shapeshifter) (Zig:7)
  A minotaur skeleton (Geh:5)
  19 griffons
  5 ice statues
  3 yaktaur skeletons (Vaults:1)
  14 dryads
  12 dire elephant skeletons
  A sphinx simulacrum (Zig:10)
  36 guardian serpents
  A raiju (shapeshifter) (Vaults:2)
  36 orc knights
  3 elves (Dwarf:4)
  22 orc sorcerers
  A black mamba skeleton (Geh:5)
  14 water nymphs
  79 hellwings
  A lindwurm (Lair:5)
  89 wolf spiders
  37 naga magi
  3 golden eyes (Zig:11)
  15 ice dragon zombies
  27 oklob plants
  11 alligator zombies
  3 catoblepas skeletons
  7 vampires
  14 deep dwarf artificers
  97 fauns
  27 hornets
  A spriggan (shapeshifter) (Zig:24)
  26 cyclopes
  41 orb spiders
  3 steam dragons
  24 elephants
  17 neqoxecs
  4 tengu simulacra
  45 ushabtiu
  7 harpy zombies
  3 alligator skeletons
  116 ynoxinuls
  32 deep dwarf necromancers
  3 hungry ghosts
  2 frost giant simulacra
  18 sirens
  16 manticores
  A death yak skeleton (Crypt:1)
  70 moths of wrath
  19 jellies (Zot:4)
  3 stone giant simulacra
  Pikel (Lair:1)
  A dire elephant simulacrum (Coc:2)
  66 freezing wraiths
  An iron dragon simulacrum (Zig:16)
  4 spriggan simulacra (Zig:27)
  9 hydra skeletons
  26 torpor snails
  84 sixfirhies
  2 anubis guard zombies
  4 moth of wrath zombies
  59 orange demons
  20 chaos spawn
  A fire giant simulacrum (Crypt:2)
  5 mottled dragons
  15 deep dwarf scions
  34 demonic crawlers
  22 giant leeches
  15 ettin zombies
  2 merfolk zombies
  451 flying skulls
  A shock serpent simulacrum (Crypt:2)
  82 black mambas
  A hell hound zombie (Tar:1)
  18 wind drakes
  164 slime creatures
  13 ettin skeletons
  83 spatial vortices
  54 air elementals
  38 spiny frogs
  19 komodo dragons
  100 wraiths
  15 snapping turtles
  4 black mamba zombies
  9 ice dragon skeletons
  A hell hound skeleton (Tar:7)
  6 manticore zombies
  13 fire dragon skeletons
  80 ice devils
  3 swamp dragon zombies
  An anubis guard skeleton (Tar:4)
  41 merfolk
  3 human simulacra
  2 merfolk skeletons
  44 bog bodies
  28 rime drakes
  An ice dragon simulacrum (Abyss:5)
  78 jumping spiders
  A big kobold (shapeshifter) (Zig:21)
  11 snapping turtle skeletons
  A swamp dragon skeleton (Coc:7)
  2 alligator simulacra
  7 human skeletons
  A manticore skeleton (Geh:2)
  9 eyes of draining
  28 trolls
  4 elf simulacra (Zig:27)
  13 polar bears
  15 boulder beetles
  89 shadows
  2 torturous demonspawn zombies
  57 water elementals
  7 ball lightnings (Pan)
  52 fire elementals
  5 giant eyeballs
  21 raiju
  4 spiny frog zombies
  149 redbacks
  An ettin simulacrum (Vaults:3)
  162 deep dwarves
  2 swamp worm simulacra (Swamp:4)
  58 blink frogs
  12 hydra simulacra (Swamp:4)
  A glowing shapeshifter simulacrum (Zig:27)
  A gelid demonspawn skeleton (Crypt:1)
  65 insubstantial wisps
  58 two-headed ogres
  35 vampire mosquitoes
  A lindwurm zombie (Crypt:3)
  72 tarantellas
  6 spiny frog skeletons
  11 snapping turtle zombies
  84 nagas
  23 swamp worms
  129 spriggans
  66 yaks
  A lindwurm skeleton (Crypt:2)
  A troll skeleton (Geh:4)
  12 hippogriffs
  Duvessa (Lair:3)
  A salamander zombie (Crypt:3)
  9 basilisks
  28 swamp drakes
  57 necrophages
  48 iron imps
  3 wyverns
  13 earth elementals
  A gnoll shaman (Zig:5)
  6 soldier ants (Lair:4)
  A warg zombie (Crypt:1)
  6 wyvern skeletons (Crypt:4)
  19 phantoms
  A lightning spire (Zig:21)
  A naga zombie (Geh:2)
  16 black bears
  17 water moccasins
  7 spriggan skeletons
  65 starcursed masses
  34 wargs
  A hippogriff skeleton (Crypt:3)
  A wolf zombie (Crypt:2)
  308 hell hounds
  2 sky beasts
  Dowan (Lair:3)
  22 ice beasts
  A wolf skeleton (Crypt:1)
  A basilisk zombie (Crypt:3)
  16 fire bats
  110 ogres
  19 crocodiles
  Jessica (D:4)
  6 big kobolds
  11 porcupines
  163 wasps
  38 wolves
  88 orc warriors
  23 boggarts
  A killer bee zombie (Crypt:2)
  15 centaurs
  Sigmund (D:6)
  14 giant frogs
  A naga skeleton (Crypt:2)
  6 gnoll sergeants
  A crocodile skeleton (Crypt:3)
  A dwarf zombie (Crypt:1)
  A water moccasin zombie (D:7)
  205 mummies
  A water moccasin skeleton (D:6)
  3 scorpions
  96 sheep
  A steam dragon skeleton (Crypt:1)
  6 ufetubi (IceCv)
  3 centaur zombies
  3 giant frog zombies (D:5)
  3 kobold zombies
  2 centaur skeletons
  3 orc zombies
  35 electric eels
  3 kobold skeletons
  7 dart slugs
  15 hounds
  3 howler monkeys
  62 orc priests
  6 swamp drake simulacra (Swamp:4)
  A vampire bat (D:5)
  274 wights
  13 giant geckos
  39 hell rats
  13 iguanas
  282 orcs
  An orc simulacrum (Hell)
  A quasit (D:6)
  2 spectral bats (D:5)
  30 worker ants
  17 adders
  4 ball pythons
  20 bats
  3 bat skeletons (D:5)
  A bat zombie (D:5)
  30 crimson imps
  17 giant cockroaches
  41 gnolls
  15 goblins
  19 hobgoblins
  21 jackals
  18 kobolds
  52 orc wizards
  3 quokkas
  36 river rats
  22 shadow imps
  52 white imps
  A bat simulacrum (D:5)
  A giant gecko skeleton (D:4)
  6 giant newts
  A hound zombie (D:6)
  A howler monkey skeleton (D:4)
  A jackal skeleton (D:6)
  2 oozes (D:1)
  2 orc skeletons
  2 quokka skeletons
  A quokka zombie (D:6)
  14 rats
  A worker ant zombie (D:6)
  2 worms
  43 briar patches
  6 bushes
  6 butterflies
  9 crawling corpses
  6 fire vortices
  8 fungi
  A lost soul (Zig:22)
  A lurking horror (Abyss:5)
  29 plants
  3 snaplasher vines (Forest:4)
  7 starspawn tentacles
  9 tentacles
  4 withered plants (Crypt:4)
  Cerebov (Pan)
14768 creatures vanquished.

Vanquished Creatures (collateral kills)
  5 giant centipedes
  An ancient lich (Zig:26)
  3 shard shrikes (Zig:27)
  4 Killer Klowns
  An Orb Guardian (Zot:7)
  3 iron giants (Zig:19)
  3 golden dragons
  An ancient champion (Dis:7)
  An Executioner (Pan)
  3 tentacled monstrosities
  2 hellephants
  2 Hell Sentinels (Zig:14)
  2 acid blobs
  2 Ice Fiends
  A tentacled starspawn (Abyss:7)
  A sphinx (Zig:8)
  A thorn hunter (Zig:25)
  A deep elf blademaster (Elf:4)
  2 deep elf master archers (Elf:4)
  A green draconian (Zot:1)
  A greater naga (Zig:27)
  2 draconian knights
  3 pandemonium lords
  A draconian caller (Zot:4)
  A white draconian (Zot:1)
  3 emperor scorpions (Zig:27)
  3 yellow draconians
  A frost giant (Zig:27)
  A warmonger (Pan)
  A balrug (Zig:16)
  A red draconian (Zot:3)
  A frost giant (shapeshifter) (Zig:13)
  A black draconian (Zig:4)
  2 ghost moths
  3 war gargoyles (Zig:20)
  A corrupter (Zig:14)
  5 entropy weavers
  5 reapers
  A stone giant (Zig:19)
  A deep elf elementalist (Elf:4)
  A chaos champion (Zig:7)
  A mummy priest (Zig:15)
  2 large abominations
  2 very ugly things
  A blizzard demon (Zig:19)
  A deep elf annihilator (Elf:4)
  A naga ritualist (Zig:10)
  2 deep elf death magi
  2 merfolk aquamancers (Zig:27)
  2 hell hogs (Abyss:7)
  A deep elf archer (Zig:7)
  3 merfolk javelineers
  2 deep elf high priests (Elf:4)
  An ogre mage (Zig:8)
  A death scarab (Tomb:4)
  2 sun demons
  A death drake (Zig:18)
  A soul eater (Hell)
  A tengu warrior (Depths:6)
  A swamp dragon (Zig:23)
  A hell knight (Hell)
  An ettin (Orc:5)
  A fire crab (shapeshifter) (Zig:13)
  A wretched star (Zig:9)
  7 spatial maelstroms
  A phantasmal warrior (Zig:14)
  An iron troll (shapeshifter) (Zig:13)
  A spriggan berserker (Forest:3)
  A flayed ghost (Zig:27)
  A shambling mangrove (Zig:23)
  A worldbinder (Zig:21)
  A hornet (Zig:26)
  An anubis guard (Zig:15)
  2 tengu zombies
  A wolf spider (Zig:26)
  A sea snake (shapeshifter) (Zig:13)
  A faun (shapeshifter) (Zig:7)
  3 sixfirhies
  5 death yaks (Lair:4)
  A deep elf mage (Zig:24)
  An orange demon (Hell)
  11 orb spiders
  2 tengu skeletons
  A guardian serpent (Abyss:7)
  4 orc high priests
  2 torpor snails (Zig:26)
  2 apocalypse crabs
  A tormentor (Zig:8)
  A hellwing (Zig:21)
  A guardian mummy (Zig:15)
  A sea snake (Shoals:4)
  A fire bat (Pan)
  A raiju (Zig:24)
  A griffon (Shoals:4)
  An ushabti (Zig:25)
  A giant leech (Zig:23)
  A faun (Shoals:3)
  2 slime creatures (Zig:13)
  A putrid demonspawn (Orc:7)
  A giant leech (shapeshifter) (Zig:13)
  A siren (Shoals:4)
  A human skeleton (Vaults:3)
  An orc knight (Orc:6)
  2 flying skulls (Zig:25)
  A small abomination (Elf:4)
  4 tarantellas (Zig:26)
  3 orc sorcerers
  A cyclops (Orc:5)
  A swamp drake (Zig:23)
  2 moths of wrath
  4 hell hounds
  2 ynoxinuls
  A rust devil (Orc:7)
  2 chaos spawn
  2 merfolk (Shoals:4)
  6 spatial vortices
  A snapping turtle (Shoals:4)
  A black mamba (Lair:5)
  3 demonic crawlers
  2 smoke demons
  2 wasps
  2 ice devils
  A big kobold (Abyss:7)
  3 jumping spiders
  A white imp (Zig:8)
  4 redbacks
  A two-headed ogre (Orc:5)
  A naga (Snake:4)
  2 yaks
  2 hippogriffs
  A warg (Orc:5)
  A mummy (Zig:15)
  2 ogres (Orc:5)
  9 orc warriors
  A boggart (Lair:5)
  A giant cockroach (Zig:27)
  5 orc priests
  3 wights
  13 orcs
  An orc wizard (Orc:5)
  A worker ant (Lair:4)
  8 gnolls (Orc:5)
  A river rat (Lair:5)
  A fungus (Lair:7)
  2 starspawn tentacles (Abyss:7)
287 creatures vanquished.

Vanquished Creatures (others)
  An orb of fire (Zot:5)
  A golden dragon (shapeshifter) (Zig:21)
  2 Killer Klowns (Zig:21)
  A Hell Sentinel (Zig:20)
  A kraken (Abyss:7)
  7 eldritch tentacles
  2 draconian scorchers
  A greater naga (Zig:22)
  A tengu reaver (Depths:6)
  A white draconian (Zot:7)
  A blood saint (Pan)
  A draconian knight (Zig:24)
  An iron dragon (Zig:17)
  A red draconian (Zot:1)
  A black draconian (Zot:7)
  3 frost giants (Zig:19)
  2 reapers
  A draconian shifter (Zig:24)
  4 ghost moths
  2 war gargoyles
  A deep elf elementalist (Vaults:4)
  An elemental wellspring (Coc:7)
  5 fire giants
  2 draconian annihilators
  An azure jelly (Swamp:4)
  2 entropy weavers
  2 bennus (Tomb:3)
  A rakshasa (Pan)
  A very ugly thing (Vaults:4)
  A naga sharpshooter (Zig:10)
  3 ice dragons
  A deep elf high priest (Zig:9)
  A merfolk javelineer (Zig:20)
  A great orb of eyes (shapeshifter) (Zig:21)
  A skeletal warrior (Dis:7)
  A spriggan air mage (Zig:24)
  A thrashing horror (Abyss:7)
  A wizard (Pan)
  3 death scarabs (Tomb:4)
  A naga mage (Zig:10)
  2 blizzard demons
  A black mamba (Zig:5)
  24 hell hogs
  A soul eater (Hell)
  An infernal demonspawn (Pan)
  A large abomination (Pan)
  A guardian serpent (Zig:5)
  A spatial maelstrom (Abyss:7)
  A deep elf knight (Zig:12)
  A deep troll earth mage (Dwarf:4)
  A dancing weapon (Abyss:7)
  A naga warrior (Snake:4)
  A flayed ghost (Abyss:7)
  A smoke demon (Pan)
  An efreet (Pan)
  A phantasmal warrior (Depths:7)
  A deep troll (Depths:4)
  A merfolk aquamancer (Shoals:2)
  An orc knight (Zig:26)
  A hydra (Lair:7)
  A mana viper (Zig:22)
  2 anaconda zombies
  A shambling mangrove (Zig:23)
  A red devil (Pan)
  A giant orange brain (Depths:5)
  4 worldbinders (Abyss:7)
  3 sixfirhies
  3 anubis guards
  2 iron trolls
  A harpy (Vaults:4)
  A necromancer (Depths:6)
  5 orb spiders (Zig:26)
  A deep elf archer (Zig:12)
  4 moths of wrath
  2 water nymphs (shapeshifter) (Zig:21)
  A white draconian zombie (Tar:2)
  A frost giant skeleton (Geh:6)
  A griffon (Zig:8)
  3 deep elf magi
  A sea snake (Shoals:4)
  6 hellwings
  An iron dragon skeleton (Zig:18)
  2 rime drakes (Zig:10)
  2 ugly things
  A fire bat (Pan)
  2 hellions
  An anaconda simulacrum (Hell)
  5 tormentors
  An ushabti (Zig:15)
  A chaos spawn (Pan)
  2 guardian mummies
  2 boulder beetles (Zig:20)
  A hornet (Swamp:3)
  A spriggan (Zig:4)
  2 wolf spiders
  An ice dragon zombie (Geh:6)
  A wraith (Geh:1)
  An elf (Dwarf:4)
  13 flying skulls
  An ice dragon skeleton (Geh:6)
  4 swamp drakes
  A deep dwarf artificer (Dwarf:4)
  3 ettin skeletons
  6 spatial vortices (Abyss:7)
  4 ynoxinuls
  A shadow (Zig:27)
  6 hell hounds
  2 deep dwarf necromancers (Dwarf:4)
  A spiny frog (Swamp:1)
  A merfolk (Forest:2)
  2 ice devils
  An elf skeleton (Zig:19)
  An insubstantial wisp (Abyss:7)
  A putrid demonspawn zombie (Geh:6)
  A phantom (Geh:6)
  A bog body (Swamp:3)
  An orc warrior (Vaults:4)
  A swamp dragon zombie (Hell)
  2 jumping spiders (Spider:3)
  An elf zombie (Geh:6)
  A boggart (Depths:1)
  2 earth elementals (Zig:20)
  8 ball lightnings (Pan)
  5 redbacks
  A tarantella (Spider:2)
  5 deep dwarves
  4 wasps
  A two-headed ogre (Orc:5)
  An iron imp (Zig:14)
  A wolf (Dwarf:4)
  A naga (Snake:4)
  A human skeleton (Geh:6)
  A gnoll (Zig:23)
  6 wights
  A tengu skeleton (Geh:4)
  2 slaves (Lair:1)
  2 ogres
  2 orc priests (Dwarf:4)
  2 hell rats (Dwarf:4)
  7 mummies
  An ufetubus (IceCv)
  A kobold skeleton (Geh:5)
  3 orcs
  An orc wizard (Orc:4)
  A sheep (Lair:1)
  5 white imps
  961 eldritch tentacle segments
  A fire vortex (Pan)
  4 fungi
  7 lost souls (Zig:22)
  2 lurking horrors (Abyss:5)
  29 plants
  22 snaplasher vine segments (Forest:4)
  10 starspawn tentacles
  16 starspawn tentacle segments
  17 tentacles
  121 tentacle segments
  4 withered plants (Crypt:4)
1497 creatures vanquished.

Grand Total: 16552 creatures vanquished

Notes
Turn   | Place    | Note
-------+----------+-------------------------------------------
     0 | D:1      | DarthKuruptios the Demonspawn Berserker began the quest for the Orb.
     0 | D:1      | Reached XP level 1. HP: 37/37 MP: 100/100
   156 | D:1      | Gained mutation: You have a pair of small antennae on your head. [demonic ancestry]
   156 | D:1      | Reached XP level 2. HP: 46/48 MP: 100/100
   259 | D:1      | Gained mutation: You are surrounded by a mild repulsion field. (EV +2) [demonic ancestry]
   259 | D:1      | Reached XP level 3. HP: 59/59 MP: 100/100
   329 | D:1      | Reached ** piety under Trog
   611 | D:1      | Gained mutation: You are surrounded by a moderate repulsion field. (EV +3) [demonic ancestry]
   611 | D:1      | Reached XP level 4. HP: 61/70 MP: 100/100
  1409 | D:2      | Reached *** piety under Trog
  1649 | D:2      | Found a stormy altar of Qazlal.
  1731 | D:2      | Received a gift from Trog
  2161 | D:3      | Reached XP level 5. HP: 81/81 MP: 100/100
  2455 | D:3      | Reached **** piety under Trog
  2549 | D:3      | Received a gift from Trog
  2879 | D:3      | Found a radiant altar of Vehumet.
  3406 | D:4      | Found a glowing drain.
  3421 | Sewer    | Entered a sewer
  3644 | Sewer    | Reached skill level 4 in Axes
  3844 | D:4      | Reached XP level 6. HP: 90/90 MP: 100/100
  4037 | D:4      | Got a pair of scorched gloves
  4043 | D:4      | Identified the cursed +0 pair of gloves of Lushol {rF- rCorr Str+4 SP+25} (You found it on level 4 of the Dungeon)
  4241 | D:4      | Reached ***** piety under Trog
  4293 | D:4      | Found a faded altar of an unknown god.
  4917 | D:4      | Noticed Jessica
  4932 | D:4      | Killed Jessica
  5391 | D:5      | Entered Level 5 of the Dungeon
  5559 | D:5      | Found a shadowy altar of Dithmenos.
  5862 | D:5      | Found a hazy altar of Hepliaklqana.
  6034 | D:5      | Received a gift from Trog
  6053 | D:5      | Gained mutation: You are slightly more attuned to the shadows. [demonic ancestry]
  6053 | D:5      | Reached XP level 7. HP: 101/101 MP: 100/100
  6241 | D:6      | HP: 8/101 [poisoned by a gnoll]
  6241 | D:6      | HP: 3/101 [gnoll/spear of venom (5)]
  6459 | D:6      | Noticed Sigmund
  6493 | D:6      | Killed Sigmund
  6753 | D:6      | Found Hinkoi's Elemental Accessories.
  6784 | D:6      | HP: 8/103 [poisoned by an orc wizard]
  7226 | D:7      | Entered Level 7 of the Dungeon
  7310 | D:7      | Found a staircase to the Lair.
  7468 | D:7      | Gained mutation: When seriously injured, your bleeding wounds create armour. (AC +9) [demonic ancestry]
  7468 | D:7      | Reached XP level 8. HP: 66/114 MP: 100/100
  7579 | D:7      | Received a gift from Trog
  7924 | Lair:1   | Entered Level 1 of the Lair of Beasts
  7952 | Lair:1   | Reached skill level 5 in Axes
  8008 | Lair:1   | Reached skill level 5 in Fighting
  8008 | Lair:1   | Gained mutation: You are immune to rotting. [demonic ancestry]
  8008 | Lair:1   | Reached XP level 9. HP: 77/125 MP: 33/100
  8032 | Lair:1   | Noticed Pikel
  8036 | Lair:1   | Killed Pikel
  9238 | Lair:2   | Received a gift from Trog
  9376 | Lair:2   | Gained mutation: A weak demonic guardian rushes to your aid. [demonic ancestry]
  9376 | Lair:2   | Reached XP level 10. HP: 108/136 MP: 33/100
  9386 | Lair:2   | Reached skill level 6 in Axes
 10068 | Lair:2   | Gained mutation: You have a beak for a mouth. [potion of mutation]
 10068 | Lair:2   | Gained mutation: When seriously injured, your bleeding wounds create thick armour. (AC +9) [potion of mutation]
 10068 | Lair:2   | Gained mutation: You passively map a small area around you. [potion of mutation]
 10703 | Lair:3   | Found a staircase to the Shoals.
 10782 | Lair:3   | Noticed a two-headed hydra
 10794 | Lair:3   | Killed a nine-headed hydra
 10859 | Lair:3   | Gained mutation: When seriously injured, your bleeding wounds create very thick armour. (AC +9) [demonic ancestry]
 10859 | Lair:3   | Reached XP level 11. HP: 121/147 MP: 33/100
 11093 | Lair:3   | Found a staircase to the Snake Pit.
 11129 | Lair:3   | Received a gift from Trog
 11221 | Lair:3   | Gained mutation: Your attributes are resistant to harm. [potion of mutation]
 11221 | Lair:3   | Lost mutation: You have a beak for a mouth. [potion of mutation]
 11221 | Lair:3   | Gained mutation: You are agile. (Dex +2) [potion of mutation]
 11541 | Lair:3   | Noticed a two-headed hydra
 11551 | Lair:3   | Killed a seven-headed hydra
 11745 | Lair:3   | Noticed Dowan
 11746 | Lair:3   | Noticed Duvessa
 11753 | Lair:3   | Killed Duvessa
 11757 | Lair:3   | Killed Dowan
 12248 | Lair:3   | Gained mutation: You occasionally figure out what unidentified objects are. [potion of weak mutation]
 12510 | Lair:4   | Reached skill level 7 in Axes
 12547 | Lair:4   | Reached skill level 5 in Armour
 12714 | Lair:4   | Gained mutation: You may emit foul miasma when damaged in melee. [demonic ancestry]
 12714 | Lair:4   | Reached XP level 12. HP: 56/158 MP: 33/100
 13021 | Lair:4   | Received a gift from Trog
 13041 | Lair:4   | Reached skill level 8 in Axes
 14155 | Lair:5   | HP: 10/158 [fire crab] (30)]
 14307 | Lair:5   | Reached XP level 13. HP: 106/169 MP: 33/100
 15208 | Lair:5   | Reached skill level 9 in Axes
 15550 | Lair:5   | Received a gift from Trog
 15563 | Lair:5   | Gained mutation: You have a pair of antennae on your head. [demonic ancestry]
 15563 | Lair:5   | Reached XP level 14. HP: 173/180 MP: 33/100
 16141 | Lair:6   | Reached skill level 10 in Axes
 16288 | Lair:6   | Received a gift from Trog
 16658 | Lair:6   | Found a staircase to the Swamp.
 16893 | Lair:6   | Noticed Maud
 16912 | Lair:6   | Killed Maud
 17378 | Lair:7   | Entered Level 7 of the Lair of Beasts
 17508 | Lair:7   | Reached XP level 15. HP: 130/191 MP: 33/100
 17776 | Lair:7   | Received a gift from Trog
 18159 | Lair:7   | Reached skill level 10 in Fighting
 18842 | Lair:7   | Received a gift from Trog
 18959 | Lair:7   | Reached skill level 11 in Axes
 19315 | Lair:7   | Found a staircase to the Orcish Mines.
 20417 | Orc:1    | Entered Level 1 of the Orcish Mines
 20544 | Orc:1    | Reached ****** piety under Trog
 20622 | Orc:1    | Received a gift from Trog
 21307 | Orc:2    | Received a gift from Trog
 21600 | Orc:2    | Found a roughly hewn altar of Beogh.
 22197 | Orc:3    | Received a gift from Trog
 22301 | Orc:3    | Found Aqaunge's Jewellery Shoppe.
 22309 | Orc:3    | Bought the ring of Interdependent Arising {rPois rF+ Int+4} for 713 gold pieces
 22309 | Orc:3    | Bought an uncursed amulet of stamina regeneration for 480 gold pieces
 22315 | Orc:3    | Found a staircase to the Dwarven Fortress.
 23090 | Orc:4    | Received a gift from Trog
 23373 | Orc:4    | Found a staircase to the Elven Halls.
 23512 | Orc:5    | Received a gift from Trog
 23514 | Orc:5    | Reached XP level 16. HP: 127/202 MP: 33/100
 23588 | Orc:5    | Reached skill level 12 in Axes
 23834 | Orc:5    | Paralysed by an orc sorcerer for 7 turns
 23922 | Orc:5    | Found a burning altar of Makhleb.
 24515 | Orc:6    | Received a gift from Trog
 24525 | Orc:6    | Reached skill level 13 in Axes
 24758 | Orc:6    | Found a hole to the Spider Nest.
 24794 | Orc:6    | Found a bloodstained altar of Trog.
 24980 | Orc:7    | Entered Level 7 of the Orcish Mines
 25016 | Orc:7    | Paralysed by an orc sorcerer for 5 turns
 25133 | Orc:7    | Received a gift from Trog
 25167 | Orc:7    | Found a roughly hewn altar of Beogh.
 25354 | Orc:7    | Found Fometwux's Magic Scroll Emporium.
 25355 | Orc:7    | Reached XP level 17. HP: 213/213 MP: 33/100
 25359 | Orc:7    | Found Ocuagap's General Store.
 25400 | Orc:7    | Bought a scroll of acquirement for 988 gold pieces
 25825 | Orc:7    | Received a gift from Trog
 25860 | Orc:7    | Paralysed by an orc sorcerer for 5 turns
 25873 | Orc:7    | HP: 18/213 [orc priest/divine providence (17)]
 25877 | Orc:7    | Found a staircase to the Enchanted Forest.
 26205 | Orc:7    | Found Teitum's Gadget Boutique.
 26205 | Orc:7    | Found Isacla Sulle's Antique Armour Shop.
 26205 | Orc:7    | Found a one-way gate leading to the halls of Pandemonium.
 26215 | Orc:7    | Bought a pair of twisted gloves for 361 gold pieces
 26215 | Orc:7    | Bought a shimmering cloak for 361 gold pieces
 26225 | Orc:7    | Identified the cursed +0 pair of gloves of Prudence {rCorr Int+3} (You bought it in a shop on level 7 of the Orcish Mines)
 26236 | Orc:7    | Identified the cursed +0 cloak of Pride {rF+ Int+2 SP+25} (You bought it in a shop on level 7 of the Orcish Mines)
 26752 | Orc:7    | Bought the amulet of Poabeit {RegenSP rElec Str+3 Int+3} for 622 gold pieces
 26797 | Spider:1 | Entered Level 1 of the Spider Nest
 26810 | Spider:1 | Reached skill level 14 in Axes
 27024 | Spider:1 | Received a gift from Trog
 27342 | Spider:1 | Reached skill level 5 in Dodging
 27369 | Spider:1 | Noticed Rupert
 27376 | Spider:1 | Killed Rupert
 28101 | Spider:2 | Received a gift from Trog
 28380 | Spider:2 | Noticed Arachne
 28399 | Spider:2 | Killed Arachne
 28536 | Spider:2 | Reached XP level 18. HP: 210/224 MP: 27/100
 29307 | Spider:3 | Reached skill level 15 in Axes
 29357 | Spider:3 | Received a gift from Trog
 29475 | Spider:3 | Noticed Agnes
 29482 | Spider:3 | Killed Agnes
 30000 | Spider:3 | Received a gift from Trog
 31036 | Spider:4 | Entered Level 4 of the Spider Nest
 31258 | Spider:4 | Received a gift from Trog
 31294 | Spider:4 | Reached skill level 16 in Axes
 31618 | Spider:4 | Noticed Jorgrun
 31623 | Spider:4 | Killed Jorgrun
 32051 | Spider:4 | Reached skill level 15 in Fighting
 32137 | Spider:4 | Gained mutation: You have a pair of large antennae on your head. (SInv) [demonic ancestry]
 32137 | Spider:4 | Reached XP level 19. HP: 223/235 MP: 33/100
 32433 | Spider:4 | Received a gift from Trog
 32545 | Spider:4 | Got a gossamer rune of Zot
 33010 | Snake:1  | Entered Level 1 of the Snake Pit
 33327 | Snake:1  | Got a wavering ivory amulet
 33328 | Snake:1  | Identified the amulet "Iwnykheb" {Dismiss rPois rN+ Int+5} (You found it on level 1 of the Snake Pit)
 33672 | Snake:1  | Reached skill level 17 in Axes
 33968 | Snake:2  | Received a gift from Trog
 35124 | Snake:2  | Noticed Azrael
 35135 | Snake:2  | Killed Azrael
 35885 | Snake:3  | Received a gift from Trog
 36292 | Snake:3  | Reached skill level 18 in Axes
 36545 | Snake:3  | Noticed Saint Roka
 37002 | Snake:3  | Received a gift from Trog
 37233 | Snake:3  | Gained mutation: You frequently emit foul miasma when damaged in melee. [demonic ancestry]
 37233 | Snake:3  | Reached XP level 20. HP: 235/246 MP: 33/100
 37487 | Snake:3  | Killed Saint Roka
 37882 | Snake:4  | Entered Level 4 of the Snake Pit
 37966 | Snake:4  | Found Ines's Assorted Antiques.
 38000 | Snake:4  | Received a gift from Trog
 38042 | Snake:4  | Found Icofoniw's Armour Shop.
 38144 | Snake:4  | Found Qaukhlimm's Gadget Shoppe.
 38300 | Snake:4  | Got a scintillating wooden ring
 38301 | Snake:4  | Identified the ring "Nemuch" {rC+ Dex+3} (You found it on level 4 of the Snake Pit)
 38327 | Snake:4  | Found Reguih's Distillery.
 38340 | Snake:4  | Bought a potion of heal wounds for 128 gold pieces
 38394 | Snake:4  | Found Tarisur's General Store.
 38450 | Snake:4  | Received a gift from Trog
 38462 | Snake:4  | Reached skill level 10 in Armour
 38486 | Snake:4  | Reached skill level 19 in Axes
 38567 | Snake:4  | Received a gift from Trog
 38614 | Snake:4  | Got an iridescent executioner's axe {god gift}
 38615 | Snake:4  | Identified the +12 executioner's axe of Conversion {flame, MR+ Str+5} (Trog gifted it to you on level 4 of the Snake Pit)
 38770 | Snake:4  | Got a serpentine rune of Zot
 39779 | Swamp:1  | Entered Level 1 of the Swamp
 40307 | Swamp:1  | Received a gift from Trog
 41638 | Swamp:2  | Reached XP level 21. HP: 257/257 MP: 100/100
 43156 | Swamp:3  | Received a gift from Trog
 43156 | Swamp:3  | Reached skill level 20 in Axes
 43817 | Swamp:3  | Noticed Aizul
 43838 | Swamp:3  | Killed Aizul
 44546 | Swamp:4  | Entered Level 4 of the Swamp
 45090 | Swamp:4  | Got a flickering bronze amulet
 45091 | Swamp:4  | Identified the amulet of Xemurhigh {+Rage Int+3} (You found it on level 4 of the Swamp)
 45679 | Swamp:4  | Received a gift from Trog
 46029 | Swamp:4  | Got a decaying rune of Zot
 46340 | Shoals:1 | Entered Level 1 of the Shoals
 46350 | Shoals:1 | Found a frozen archway.
 46372 | IceCv    | Entered an ice cave
 47024 | Shoals:1 | Found an ancient bone altar of Kikubaaqudgha.
 47197 | Shoals:1 | Received a gift from Trog
 47769 | Shoals:2 | Reached skill level 21 in Axes
 47876 | Shoals:2 | Noticed Polyphemus
 47884 | Shoals:2 | Killed Polyphemus
 48410 | Shoals:3 | Received a gift from Trog
 48601 | Shoals:3 | Found Gamoqu's Assorted Antiques.
 48708 | Shoals:3 | Found Liung's Antique Weapon Shop.
 48803 | Shoals:3 | Found Azutuxt's Gadget Emporium.
 49160 | Shoals:3 | Found Donakefra's Gadget Emporium.
 49505 | Shoals:3 | Bought a wand of teleportation (6/9) for 360 gold pieces
 49675 | Shoals:3 | Received a gift from Trog
 49795 | Shoals:4 | Entered Level 4 of the Shoals
 49838 | Shoals:4 | Gained mutation: You resist negative energy. (rN+) [demonic ancestry]
 49838 | Shoals:4 | Reached XP level 22. HP: 219/268 MP: 100/100
 49844 | Shoals:4 | Got a brightly glowing bronze amulet
 49845 | Shoals:4 | Identified the amulet of the King {Dismiss rC++} (You found it on level 4 of the Shoals)
 50174 | Shoals:4 | Received a gift from Trog
 50504 | Shoals:4 | Noticed Ilsuiw
 50534 | Shoals:4 | Killed Ilsuiw
 50599 | Shoals:4 | Reached skill level 22 in Axes
 50659 | Shoals:4 | Received a gift from Trog
 50698 | Shoals:4 | Got a barnacled rune of Zot
 51210 | Shoals:3 | Got a brightly glowing lapis lazuli ring
 51211 | Shoals:3 | Identified the ring of Demees {rCorr rC+ Int+4} (You acquired it on level 3 of the Shoals)
 51615 | Dwarf:1  | Entered Level 1 of the Dwarven Fortress
 51744 | Dwarf:1  | Got a twitching golden ring
 51996 | Dwarf:1  | Received a gift from Trog
 52030 | Dwarf:1  | Found Gafatsurph's Book Emporium.
 53366 | Dwarf:2  | Received a gift from Trog
 53394 | Dwarf:2  | Reached skill level 23 in Axes
 54064 | Dwarf:2  | Received a gift from Trog
 54120 | Dwarf:2  | Received a gift from Trog
 54602 | Dwarf:2  | Reached XP level 23. HP: 279/279 MP: 100/100
 55008 | Dwarf:3  | Reached skill level 24 in Axes
 55147 | Dwarf:3  | Received a gift from Trog
 55155 | Dwarf:3  | Got a sapphire battleaxe {god gift}
 55156 | Dwarf:3  | Identified the +4 battleaxe of the Head {flame, MR++} (Trog gifted it to you on level 3 of the Dwarven Fortress)
 56108 | Dwarf:4  | Entered Level 4 of the Dwarven Fortress
 56183 | Dwarf:4  | Noticed Nikola
 56190 | Dwarf:4  | Received a gift from Trog
 56209 | Dwarf:4  | Killed Nikola
 57056 | Dwarf:4  | Received a gift from Trog
 57265 | Dwarf:4  | Got a dwarven rune of Zot
 57290 | Dwarf:4  | Found an ancient bone altar of Kikubaaqudgha.
 57296 | Dwarf:4  | Found a snail-covered altar of Cheibriados.
 57592 | Elf:1    | Entered Level 1 of the Elven Halls
 57958 | Elf:1    | Received a gift from Trog
 58248 | Elf:1    | Received a gift from Trog
 58252 | Elf:1    | Reached skill level 25 in Axes
 58632 | Elf:1    | Reached skill level 10 in Dodging
 58772 | Elf:2    | Found Maiv's Book Boutique.
 60176 | Elf:2    | Found a runed door.
 60342 | Elf:2    | Found a runed door.
 61444 | Elf:3    | Noticed Roxanne
 61459 | Elf:3    | Killed Roxanne
 61595 | Elf:3    | Received a gift from Trog
 62932 | Elf:3    | Reached XP level 24. HP: 290/290 MP: 100/100
 63001 | Elf:3    | Found Diepsul's Jewellery Emporium.
 63783 | Elf:4    | Entered Level 4 of the Elven Halls
 65013 | Elf:4    | Received a gift from Trog
 65277 | Elf:4    | Got an elven rune of Zot
 65645 | Elf:4    | Received a gift from Trog
 65655 | Elf:4    | Got a translucent battleaxe {god gift}
 65656 | Elf:4    | Identified the +5 battleaxe of the Gnat {chop, rPois MR++ Dex-2} (Trog gifted it to you on level 4 of the Elven Halls)
 65769 | Elf:4    | Reached skill level 26 in Axes
 66405 | Forest:1 | Entered Level 1 of the Enchanted Forest
 66779 | Forest:1 | Received a gift from Trog
 66857 | Forest:1 | Noticed Boris
 66863 | Forest:1 | Killed Boris
 67212 | Forest:1 | Received a gift from Trog
 67215 | Forest:1 | Got a pitted executioner's axe {god gift}
 67216 | Forest:1 | Identified the +7 executioner's axe of Haqoux {chop, Str+2 Dex+2} (Trog gifted it to you on level 1 of the Enchanted Forest)
 68136 | Forest:1 | Found a corrupted altar of Lugonu.
 68425 | Forest:1 | Found a hide-covered altar of Uskayaw.
 68702 | Forest:2 | Got a pair of ancient gloves
 68713 | Forest:2 | Identified the +0 pair of gloves of Untold Secrets {rElec Str+5} (You found it on level 2 of the Enchanted Forest)
 68812 | Forest:2 | Found a shattered altar of Ashenzari.
 68856 | Forest:2 | Paralysed by a giant eyeball for 4 turns
 68908 | Forest:2 | Noticed a giant centipede
 68921 | Forest:2 | Killed a giant centipede
 68943 | Forest:2 | Found a radiant altar of Vehumet.
 69004 | Forest:2 | Got a scorched battleaxe
 69005 | Forest:2 | Identified the +7 battleaxe of the Jester {pain, +Inv} (You found it on level 2 of the Enchanted Forest)
 69044 | Forest:2 | Found an opulent altar of Gozag.
 69078 | Forest:2 | Received a gift from Trog
 69092 | Forest:2 | Got a bound wooden ring
 69100 | Forest:2 | Identified the ring "Gumaumuz" {rN+ MR+ Stlth+} (You found it on level 2 of the Enchanted Forest)
 69129 | Forest:2 | Noticed Margery
 69139 | Forest:2 | Killed Margery
 69220 | Forest:2 | Got a wavering jade ring
 69221 | Forest:2 | Identified the ring "Coskues" {rPois MR+ Str+2} (You found it on level 2 of the Enchanted Forest)
 69447 | Forest:2 | Got a steaming silver ring
 69453 | Forest:2 | Identified the ring "Peeciboato" {rC+ Stlth+} (You found it on level 2 of the Enchanted Forest)
 69787 | Forest:3 | Received a gift from Trog
 70051 | Forest:3 | Reached skill level 27 in Axes
 70315 | Forest:3 | Received a gift from Trog
 71500 | Forest:3 | Found a staircase to the Crypt.
 71500 | Forest:3 | Found an ancient bone altar of Kikubaaqudgha.
 71501 | Forest:3 | Found a basalt altar of Yredelemnul.
 71976 | Crypt:1  | Entered Level 1 of the Crypt
 72005 | Crypt:1  | Gained mutation: You are significantly more attuned to the shadows. [demonic ancestry]
 72005 | Crypt:1  | Reached XP level 25. HP: 301/301 MP: 100/100
 73451 | Crypt:1  | Noticed Sojobo
 73458 | Crypt:1  | Killed Sojobo
 74484 | Crypt:2  | Reached skill level 28 in Axes
 74683 | Crypt:2  | Received a gift from Trog
 77465 | Crypt:4  | Entered Level 4 of the Crypt
 77590 | Crypt:4  | Found an ancient bone altar of Kikubaaqudgha.
 77619 | Crypt:4  | Got a creeping rune of Zot
 77624 | Crypt:4  | Reached skill level 15 in Armour
 77746 | Crypt:4  | Noticed an ancient lich
 77746 | Crypt:4  | Noticed an ancient lich
 77755 | Crypt:4  | Killed an ancient lich
 77755 | Crypt:4  | Killed an ancient lich
 77834 | Crypt:4  | Received a gift from Trog
 78232 | Crypt:4  | Got a creeping rune of Zot
 78468 | Crypt:4  | Reached skill level 29 in Axes
 79276 | Forest:4 | Found a shimmering altar of Xom.
 79299 | Forest:4 | Gained mutation: You are somewhat able to resist unholy torments (25% chance). [demonic ancestry]
 79299 | Forest:4 | Reached XP level 26. HP: 312/312 MP: 100/100
 79408 | Forest:4 | Noticed Mennas
 79424 | Forest:4 | Killed Mennas
 79517 | Forest:4 | Found a gate to the Vaults.
 79612 | Forest:4 | Received a gift from Trog
 81243 | Forest:4 | Received a gift from Trog
 82042 | Vaults:1 | Entered Level 1 of the Vaults
 82930 | Vaults:1 | Received a gift from Trog
 83287 | Vaults:1 | Reached skill level 30 in Axes
 84040 | Vaults:1 | Received a gift from Trog
 85281 | Vaults:2 | Received a gift from Trog
 85441 | Vaults:2 | Reached skill level 15 in Dodging
 85925 | Vaults:2 | Received a gift from Trog
 87152 | Vaults:3 | Received a gift from Trog
 87191 | Vaults:3 | Found Xawnut's Assorted Antiques.
 87197 | Vaults:3 | Bought a potion of heal wounds for 168 gold pieces
 87556 | Vaults:3 | Reached skill level 31 in Axes
 87883 | Vaults:3 | Received a gift from Trog
 88183 | Vaults:3 | Gained mutation: You are surrounded by a strong repulsion field. (EV +4, RMsl) [demonic ancestry]
 88183 | Vaults:3 | Reached XP level 27. HP: 323/323 MP: 100/100
 88939 | Vaults:4 | Entered Level 4 of the Vaults
 88942 | Vaults:4 | Received a gift from Trog
 89135 | Vaults:4 | Received a gift from Trog
 89154 | Vaults:4 | Reached skill level 27 in Fighting
 89168 | Vaults:4 | Received a gift from Trog
 89180 | Vaults:4 | Reached skill level 32 in Axes
 89226 | Vaults:4 | Received a gift from Trog
 89368 | Vaults:4 | Got a silver rune of Zot
 90234 | Vaults:4 | Got a pitted cloak
 90245 | Vaults:4 | Identified the +0 cloak of Padin {rF+ rC+} (You acquired it on level 4 of the Vaults)
 90764 | Forest:5 | Received a gift from Trog
 91571 | Forest:5 | Received a gift from Trog
 91636 | Forest:5 | Noticed Mara
 91646 | Forest:5 | Noticed DarthKuruptios's illusion
 91653 | Forest:5 | Killed Mara
 91865 | Forest:5 | Found an ancient bone altar of Kikubaaqudgha.
 93121 | Forest:5 | Found a staircase to the Slime Pits.
 93121 | Forest:5 | Found a viscous altar of Jiyva.
 93338 | Slime:1  | Entered Level 1 of the Pits of Slime
 93581 | Slime:3  | Received a gift from Trog
 93639 | Slime:4  | Entered Level 4 of the Pits of Slime
 93650 | Slime:4  | Gained mutation: You regenerate stamina slowly. [a shining eye]
 93651 | Slime:4  | Gained mutation: Armour fits poorly on your strangely shaped body. [a shining eye]
 93731 | Slime:4  | Gained mutation: You passively map the area around you. [a shining eye]
 93737 | Slime:4  | Noticed the Royal Jelly
 93752 | Slime:4  | Killed the Royal Jelly
 93752 | Slime:4  | Reached skill level 33 in Axes
 93752 | Slime:4  | Reached XP level 28. HP: 169/334 MP: 100/100
 93788 | Slime:4  | Got a pitted jade ring
 93790 | Slime:4  | Got a slimy rune of Zot
 93916 | Slime:4  | Received a gift from Trog
 93981 | Slime:4  | Lost mutation: You are agile. (Dex +2) [potion of cure mutation]
 93981 | Slime:4  | Lost mutation: You regenerate stamina slowly. [potion of cure mutation]
 93982 | Slime:4  | Lost mutation: Armour fits poorly on your strangely shaped body. [potion of cure mutation]
 93982 | Slime:4  | Lost mutation: Your attributes are resistant to harm. [potion of cure mutation]
 93982 | Slime:4  | Lost mutation: You passively map the area around you. [potion of cure mutation]
 95824 | Forest:6 | Received a gift from Trog
 97508 | Forest:7 | Entered Level 7 of the Enchanted Forest
 99377 | Forest:7 | Received a gift from Trog
100070 | Forest:7 | Identified the ring "Eviar" {rElec MP+25 Str+4 Int+3} (You found it on level 4 of the Pits of Slime)
100073 | Forest:7 | Noticed the Enchantress
100078 | Forest:7 | Killed the Enchantress
100137 | Forest:7 | Received a gift from Trog
100142 | Forest:7 | Got a translucent battleaxe {god gift}
100143 | Forest:7 | Identified the +2 battleaxe "Ygivoi" {venom, rN+ Dex+3} (Trog gifted it to you on level 7 of the Enchanted Forest)
100567 | Forest:7 | Found a staircase to the Depths.
100821 | Depths:1 | Entered Level 1 of the Depths
100940 | Depths:1 | Received a gift from Trog
101050 | Depths:1 | Reached skill level 34 in Axes
101312 | Depths:1 | Found a gateway to Hell.
101554 | Depths:1 | Received a gift from Trog
101977 | Depths:1 | Found Tudeesk's Antique Armour Shoppe.
101980 | Depths:1 | Bought a pair of faintly glowing boots for 399 gold pieces
101990 | Depths:1 | Identified the +5 pair of boots "Wuagodd" {rCorr Int+3 Slay-3} (You bought it in a shop on level 1 of the Depths)
102415 | Depths:1 | Found a shimmering altar of Xom.
102562 | Depths:2 | Received a gift from Trog
103000 | Depths:2 | Received a gift from Trog
103272 | Depths:2 | Got a heavily runed lapis lazuli ring
103319 | Depths:2 | Got a faintly glowing broad axe
103320 | Depths:2 | Identified the +4 broad axe "Xuehiem" {chop, rPois rC+ MR+ Int-3} (You found it on level 2 of the Depths)
103662 | Depths:2 | Received a gift from Trog
104285 | Depths:2 | Got an iridescent demon blade
104408 | Depths:3 | Reached skill level 35 in Axes
104499 | Depths:3 | Paralysed by a giant eyeball for 3 turns
104508 | Depths:3 | Gained mutation: You are completely attuned to the shadows. [demonic ancestry]
104508 | Depths:3 | Reached XP level 29. HP: 327/345 MP: 100/100
104512 | Depths:3 | Paralysed by a giant eyeball for 2 turns
104516 | Depths:3 | Received a gift from Trog
104768 | Depths:3 | Found Ufug's Distillery.
104786 | Depths:3 | Bought a potion of ambrosia for 184 gold pieces
104786 | Depths:3 | Bought 2 potions of heal wounds for 368 gold pieces
104786 | Depths:3 | Bought a potion of ambrosia for 184 gold pieces
105680 | Depths:3 | Found a staircase to the Tomb.
105694 | Tomb:1   | Entered Level 1 of the Tomb of the Ancients
108102 | Tomb:2   | Received a gift from Trog
108186 | Tomb:2   | Got a blackened executioner's axe {god gift}
108189 | Tomb:2   | Identified the +5 executioner's axe of Nightmares {feather, rPois rF+ Str+2 Int+3} (Trog gifted it to you on level 2 of the Tomb of the Ancients)
108915 | Tomb:3   | Reached skill level 36 in Axes
108915 | Tomb:3   | Noticed Khufu
108924 | Tomb:3   | Killed Khufu
109221 | Tomb:4   | Entered Level 4 of the Tomb of the Ancients
110207 | Tomb:4   | Noticed an ancient lich
110211 | Tomb:4   | Killed an ancient lich
110211 | Tomb:4   | Identified the ring of Kozyxt {Str+2 Stlth+} (You took it off a tengu reaver on level 2 of the Depths)
110211 | Tomb:4   | Noticed Frederick
110217 | Tomb:4   | Killed Frederick
110284 | Tomb:4   | Got a golden rune of Zot
110408 | Tomb:4   | Got a faintly glowing platinum ring
110484 | Tomb:4   | Identified the cursed ring "Wucedim" {rC+ MP-25 Dex+3 Slay-3 Stlth+} (You found it on level 4 of the Tomb of the Ancients)
110632 | Tomb:2   | Received a gift from Trog
110866 | Tomb:2   | Reached skill level 37 in Axes
111740 | Depths:4 | Reached XP level 30. HP: 229/356 MP: 100/100
111753 | Depths:4 | Received a gift from Trog
112021 | Depths:4 | Found a one-way gate to the infinite horrors of the Abyss.
112680 | Depths:4 | Noticed Xtahua
112688 | Depths:4 | Killed Xtahua
112688 | Depths:4 | Received a gift from Trog
114659 | Depths:5 | Reached skill level 38 in Axes
115172 | Depths:5 | Got a glittering lapis lazuli ring
115243 | Depths:5 | Got a fine steel ring
115294 | Depths:5 | Received a gift from Trog
116133 | Depths:6 | Noticed Margery
116151 | Depths:6 | Killed Margery
116231 | Depths:6 | Received a gift from Trog
116241 | Depths:6 | Identified the ring of the Prince {+Fly rPois Dex+3 Stlth-} (You found it on level 5 of the Depths)
117283 | Depths:6 | Identified the ring of Meer {rPois Str+4} (You found it on level 5 of the Depths)
117940 | Depths:6 | Found a gateway to a ziggurat.
118465 | Depths:6 | Received a gift from Trog
118500 | Depths:6 | Identified the Collected Works on Shape Shifting and Contamination
118716 | Depths:6 | Gained mutation: You have an increased reservoir of stamina (+25 SP). [potion of beneficial mutation]
118717 | Depths:6 | Gained mutation: Your mind is acute. (Int +2) [potion of beneficial mutation]
119124 | Zig:1    | Entered Level 1 of a ziggurat
119128 | Zig:1    | Received a gift from Trog
119158 | Zig:2    | Entered Level 2 of a ziggurat
119207 | Zig:2    | Reached skill level 39 in Axes
119227 | Zig:3    | Entered Level 3 of a ziggurat
119312 | Zig:4    | Entered Level 4 of a ziggurat
119395 | Zig:5    | Entered Level 5 of a ziggurat
119495 | Zig:6    | Entered Level 6 of a ziggurat
119579 | Zig:6    | Identified the Almanac of the Glacier and Time
119641 | Zig:7    | Entered Level 7 of a ziggurat
119732 | Zig:7    | Got a flickering ruby amulet
119775 | Zig:8    | Entered Level 8 of a ziggurat
119795 | Zig:8    | Paralysed by a vampire knight for 3 turns
119901 | Zig:9    | Entered Level 9 of a ziggurat
119972 | Zig:9    | Got a flickering wooden ring
120022 | Zig:10   | Entered Level 10 of a ziggurat
120135 | Zig:10   | Identified Nirhut's Primer on the Arcane Arts
120138 | Zig:10   | Got a wavering gossamer ring
120143 | Zig:10   | Received a gift from Trog
120199 | Zig:11   | Entered Level 11 of a ziggurat
120643 | Zig:12   | Entered Level 12 of a ziggurat
120859 | Zig:13   | Entered Level 13 of a ziggurat
120868 | Zig:13   | Noticed Raobrisa the pandemonium lord
120877 | Zig:13   | Killed Raobrisa the pandemonium lord
120878 | Zig:13   | Noticed Gualupt the pandemonium lord
120882 | Zig:13   | Reached skill level 40 in Axes
120889 | Zig:13   | Killed Gualupt the pandemonium lord
120973 | Zig:13   | Received a gift from Trog
121016 | Zig:14   | Entered Level 14 of a ziggurat
121078 | Zig:14   | Identified the amulet of Egalitarianism {Faith Dex+2 Stlth+} (You found it on level 7 of a ziggurat)
121178 | Zig:14   | Gained mutation: You are somewhat able to resist unholy torments (50% chance). [potion of beneficial mutation]
121180 | Zig:15   | Entered Level 15 of a ziggurat
121304 | Zig:15   | Got a scintillating brass ring
121385 | Zig:16   | Entered Level 16 of a ziggurat
121404 | Zig:16   | Gained mutation: Your melee attacks may debilitate your foes. [demonic ancestry]
121404 | Zig:16   | Reached XP level 31. HP: 367/367 MP: 100/100
121688 | Zig:16   | Received a gift from Trog
121808 | Zig:17   | Entered Level 17 of a ziggurat
121955 | Zig:17   | Got a bound granite ring
121961 | Zig:17   | Got a clouded silver ring
121983 | Zig:17   | Reached skill level 5 in Fire Magic
121988 | Zig:17   | Reached skill level 41 in Axes
122001 | Zig:18   | Entered Level 18 of a ziggurat
122272 | Zig:18   | Got a spiked steam dragon armour
122401 | Zig:18   | Identified the +4 steam dragon armour "Minic" {MR- RegenHP+ Int+3} (You found it on level 18 of a ziggurat)
122412 | Zig:19   | Entered Level 19 of a ziggurat
122426 | Zig:19   | Noticed Upintanur the pandemonium lord
122437 | Zig:19   | Killed Upintanur the pandemonium lord
122437 | Zig:19   | Reached skill level 42 in Axes
122590 | Zig:19   | Got a steaming cloak
122601 | Zig:19   | Identified the +0 cloak "Zeanlet" {rF+} (You found it on level 19 of a ziggurat)
122747 | Zig:20   | Entered Level 20 of a ziggurat
122948 | Zig:20   | Got a pair of translucent boots
122959 | Zig:20   | Identified the +3 pair of boots "Qop Netu" {rF+ Str+4} (You found it on level 20 of a ziggurat)
123159 | Zig:21   | Entered Level 21 of a ziggurat
123173 | Zig:21   | Noticed an ancient lich
123176 | Zig:21   | Received a gift from Trog
123180 | Zig:21   | Killed an ancient lich
123185 | Zig:21   | Noticed an ancient lich
123187 | Zig:21   | Noticed an ancient lich
123190 | Zig:21   | Killed an ancient lich
123195 | Zig:21   | Killed an ancient lich
123195 | Zig:21   | Identified the ring of the Harvest {Ice rPois rN+ Stlth+} (You found it on level 17 of a ziggurat)
123196 | Zig:21   | Noticed an ancient lich
123205 | Zig:21   | Killed an ancient lich
123218 | Zig:21   | Received a gift from Trog
123247 | Zig:21   | Got a smoking battleaxe {god gift}
123248 | Zig:21   | Identified the +4 battleaxe "Widowmaker" {chop, rPois rC+} (Trog gifted it to you on level 21 of a ziggurat)
123357 | Zig:21   | Got a faintly humming storm dragon armour
123508 | Zig:21   | Got a pitted bronze ring
123508 | Zig:21   | Got a bound golden ring
123517 | Zig:21   | Reached skill level 27 in Dodging
123531 | Zig:22   | Entered Level 22 of a ziggurat
123631 | Zig:22   | Reached skill level 43 in Axes
123676 | Zig:22   | Received a gift from Trog
123844 | Zig:23   | Entered Level 23 of a ziggurat
123909 | Zig:23   | Identified the ring of Xom's Bemusement {rC+ Stlth+} (You acquired it on level 21 of a ziggurat)
123948 | Zig:23   | Received a gift from Trog
124166 | Zig:23   | Got a fine garnet amulet
124193 | Zig:23   | Got a translucent war axe
124194 | Zig:23   | Identified the +8 war axe "Xiptok" {feather, *Corrode rPois Str+2} (You found it on level 23 of a ziggurat)
124303 | Zig:23   | Identified the amulet "Fofakup" {Inacc rPois} (You found it on level 23 of a ziggurat)
124317 | Zig:24   | Entered Level 24 of a ziggurat
124383 | Zig:24   | Received a gift from Trog
124387 | Zig:24   | Identified the ring "Fotuhiatz" {*Contam rC+ Str+4 Int+4} (You found it on level 15 of a ziggurat)
124537 | Zig:24   | Got an ichor-stained broad axe
124575 | Zig:24   | Identified the +7 broad axe of Ymutatos {chop, MR+ Dex+2} (You found it on level 24 of a ziggurat)
124725 | Zig:25   | Entered Level 25 of a ziggurat
124758 | Zig:25   | Identified the ring of Spite {+Fly rF+ rC+++ EV+4 Stlth-} (You found it on level 9 of a ziggurat)
124780 | Zig:25   | Reached skill level 44 in Axes
124788 | Zig:25   | Received a gift from Trog
125149 | Zig:26   | Entered Level 26 of a ziggurat
125206 | Zig:26   | Received a gift from Trog
125206 | Zig:26   | Gained mutation: A demonic guardian rushes to your aid. [demonic ancestry]
125206 | Zig:26   | Reached XP level 32. HP: 376/378 MP: 0/100
125214 | Zig:26   | Identified the +2 storm dragon armour of Happiness {rElec rC+ Str+3 Dex+2 Slay-4} (You found it on level 21 of a ziggurat)
125414 | Zig:26   | Got an ancient executioner's axe
125415 | Zig:26   | Identified the +6 executioner's axe "DarthKuruptios's Doom" {drain, Dex+3} (You found it on level 26 of a ziggurat)
125440 | Zig:26   | Got a coiled bone ring
125450 | Zig:26   | Got a fine amber ring
125543 | Zig:27   | Entered Level 27 of a ziggurat
125583 | Zig:27   | Reached skill level 45 in Axes
125727 | Zig:27   | Got a pair of spiked boots
125738 | Zig:27   | Identified the +2 pair of boots of the Bard {Dex+4} (You found it on level 27 of a ziggurat)
125771 | Zig:27   | Identified the ring "Nokus" {Wiz Int+4 Dex+5} (You found it on level 26 of a ziggurat)
125855 | Zig:27   | Got a glittering marble ring
125861 | Zig:27   | Got a vibrating marble ring
126069 | Zig:27   | Got a pair of shimmering boots
126136 | Zig:1    | Entered Level 1 of a ziggurat
126180 | Zig:1    | Identified Roxanne's Tome of the Mutagenic Rocks
126186 | Zig:1    | Received a gift from Trog
126189 | Zig:1    | Got a fine battleaxe {god gift}
126193 | Zig:2    | Entered Level 2 of a ziggurat
126336 | Zig:3    | Entered Level 3 of a ziggurat
126402 | Zig:3    | Got an ebony battleaxe
126406 | Zig:4    | Entered Level 4 of a ziggurat
126502 | Zig:4    | Got a glittering ruby amulet
126510 | Zig:4    | Got a sparkling golden ring
126549 | Zig:5    | Entered Level 5 of a ziggurat
126654 | Zig:6    | Entered Level 6 of a ziggurat
126687 | Zig:6    | Received a gift from Trog
126728 | Zig:6    | Got a scorched iron ring
126737 | Zig:7    | Entered Level 7 of a ziggurat
126763 | Zig:7    | Paralysed by accursed screaming for 1 turns
126827 | Zig:8    | Entered Level 8 of a ziggurat
126845 | Zig:8    | Noticed an ancient lich
126858 | Zig:8    | Killed an ancient lich
126950 | Zig:9    | Entered Level 9 of a ziggurat
127039 | Zig:9    | Got a bound granite ring
127091 | Zig:10   | Entered Level 10 of a ziggurat
127200 | Zig:11   | Entered Level 11 of a ziggurat
127236 | Zig:11   | Identified the +4 battleaxe "Quezxes" {freeze, rF- Str+2 Stlth+} (Trog gifted it to you on level 1 of a ziggurat)
127261 | Zig:11   | Reached skill level 46 in Axes
127352 | Zig:12   | Entered Level 12 of a ziggurat
127388 | Zig:12   | Received a gift from Trog
127535 | Zig:12   | Got a scintillating silver ring
127549 | Zig:12   | Gained mutation: You passively map the area around you. [potion of beneficial mutation]
127615 | Zig:13   | Entered Level 13 of a ziggurat
127653 | Zig:13   | Noticed Boumoar the pandemonium lord
127656 | Zig:13   | Noticed Fesch the pandemonium lord
127661 | Zig:13   | Noticed Ofoh the pandemonium lord
127680 | Zig:13   | Killed Fesch the pandemonium lord
127713 | Zig:13   | Killed Ofoh the pandemonium lord
127718 | Zig:13   | Killed Boumoar the pandemonium lord
127939 | Zig:14   | Entered Level 14 of a ziggurat
127976 | Zig:14   | Noticed Duzaliqao the pandemonium lord
127979 | Zig:14   | Cast into level 5 of the Abyss (Duzaliqao)
127979 | Abyss:5  | Found a corrupted altar of Lugonu.
128246 | Abyss:5  | Found a shimmering altar of Xom.
128246 | Abyss:5  | Found a shimmering altar of Xom.
128247 | Abyss:5  | Found a shimmering altar of Xom.
128247 | Abyss:5  | Found a corrupted altar of Lugonu.
128247 | Abyss:5  | Found a shimmering altar of Xom.
128248 | Abyss:5  | Found a shimmering altar of Xom.
128248 | Abyss:5  | Found a shimmering altar of Xom.
128248 | Abyss:5  | Found a shimmering altar of Xom.
128248 | Abyss:5  | Found a shimmering altar of Xom.
128248 | Abyss:5  | Found a shimmering altar of Xom.
128249 | Abyss:5  | Found a shimmering altar of Xom.
128249 | Abyss:5  | Found a shimmering altar of Xom.
128249 | Abyss:5  | Found a shimmering altar of Xom.
128390 | Zig:14   | Escaped the Abyss
128414 | Zig:14   | Cast into level 5 of the Abyss (Duzaliqao)
128891 | Abyss:5  | Received a gift from Trog
128929 | Abyss:5  | Found a corrupted altar of Lugonu.
129274 | Abyss:7  | Entered Level 7 of the Abyss
130072 | Abyss:7  | Received a gift from Trog
130072 | Abyss:7  | Identified the amulet of Benevolence {MagicShield Int+3 SP+25 SInv} (You found it on level 4 of a ziggurat)
130345 | Abyss:7  | Identified the ring "Toixkef" {rCorr rPois Str+3 Int-2} (You found it on level 4 of a ziggurat)
130793 | Abyss:7  | Found a glowing golden altar of the Shining One.
130877 | Abyss:7  | Received a gift from Trog
131120 | Abyss:7  | Paralysed by you for 5 turns
131251 | Abyss:7  | Found a shattered altar of Ashenzari.
131314 | Abyss:7  | Identified the ring of Suspicion {+Inv rC+ rN+ MP-25 EV+2 Slay+5} (You found it on level 27 of a ziggurat)
131363 | Abyss:7  | Identified the ring of Temperance {rF+ rC+ Int-2 SInv} (You found it on level 27 of a ziggurat)
131501 | Abyss:7  | Received a gift from Trog
131644 | Abyss:7  | Got an abyssal rune of Zot
131648 | Abyss:7  | Paralysed by you for 3 turns
131675 | Zig:14   | Escaped the Abyss
131697 | Zig:14   | Gained mutation: A powerful demonic guardian rushes to your aid. [a cacodemon]
131729 | Zig:14   | Cast into level 5 of the Abyss (Duzaliqao)
131835 | Zig:14   | Escaped the Abyss
131860 | Zig:14   | Cast into level 5 of the Abyss (Duzaliqao)
132033 | Abyss:5  | Found a corrupted altar of Lugonu.
132060 | Zig:14   | Escaped the Abyss
132095 | Zig:14   | Cast into level 6 of the Abyss (Duzaliqao)
132299 | Abyss:6  | Identified the cursed +0 pair of boots of Vuannury {rElec rF- Str+6 SInv} (You found it on level 27 of a ziggurat)
132338 | Zig:14   | Escaped the Abyss
132361 | Zig:14   | Cast into level 5 of the Abyss (Duzaliqao)
132483 | Zig:14   | Escaped the Abyss
132523 | Zig:14   | Killed Duzaliqao the pandemonium lord
132523 | Zig:14   | Identified the ring of Idusotixo {rCorr Stlth+} (You found it on level 6 of a ziggurat)
132626 | Zig:15   | Entered Level 15 of a ziggurat
132665 | Zig:15   | Identified the ring "Igiad" {MP+25 Str+3} (You found it on level 9 of a ziggurat)
132727 | Zig:15   | Got a vibrating pewter ring
132738 | Zig:15   | Got a pair of pitted gloves
132753 | Zig:15   | Identified the cursed +0 pair of gloves "Kiunynoh" {*Confuse rN+ MR+ MP+25} (You found it on level 15 of a ziggurat)
132821 | Zig:15   | Reached skill level 5 in Throwing
132823 | Zig:15   | Reached skill level 47 in Axes
132892 | Zig:16   | Entered Level 16 of a ziggurat
132930 | Zig:16   | Received a gift from Trog
133052 | Zig:16   | Got a heavily runed bone amulet
133056 | Zig:16   | Got a smoking brass ring
133064 | Zig:16   | Got a fine pewter ring
133192 | Zig:17   | Entered Level 17 of a ziggurat
133348 | Zig:17   | Got a translucent silver ring
133361 | Zig:17   | Got a faintly humming pearl dragon armour
133407 | Zig:18   | Entered Level 18 of a ziggurat
133407 | Zig:18   | Reached skill level 27 in Armour
133429 | Zig:18   | Received a gift from Trog
133447 | Zig:18   | Received a gift from Trog
133462 | Zig:18   | Received a gift from Trog
133663 | Zig:19   | Entered Level 19 of a ziggurat
133715 | Zig:19   | Received a gift from Trog
133719 | Zig:19   | Identified the ring "Zaamir" {Ice rElec Str+2 Int+2 Dex-3} (You found it on level 17 of a ziggurat)
133721 | Zig:19   | Identified the ring of the Endless Songs {+Blink rC+ MR+ Str+2 SInv} (You found it on level 15 of a ziggurat)
133841 | Zig:19   | Received a gift from Trog
133878 | Zig:19   | Reached skill level 48 in Axes
133878 | Zig:19   | Reached skill level 10 in Throwing
133967 | Zig:20   | Entered Level 20 of a ziggurat
134016 | Zig:20   | Gained mutation: Your flesh is heat resistant. (rF+) [demonic ancestry]
134016 | Zig:20   | Reached XP level 33. HP: 376/389 MP: 100/100
134274 | Zig:20   | Reached skill level 49 in Axes
134278 | Zig:21   | Entered Level 21 of a ziggurat
134295 | Zig:21   | Noticed Rayry the pandemonium lord
134296 | Zig:21   | Noticed Duthrotz the pandemonium lord
134299 | Zig:21   | Noticed Mosolaog the pandemonium lord
134303 | Zig:21   | Noticed Ataiwemah the pandemonium lord
134307 | Zig:21   | Noticed Hasuuk the pandemonium lord
134307 | Zig:21   | Noticed Taluam the pandemonium lord
134308 | Zig:21   | Noticed Irghighe the pandemonium lord
134309 | Zig:21   | Killed Rayry the pandemonium lord
134309 | Zig:21   | Killed Duthrotz the pandemonium lord
134310 | Zig:21   | Killed Mosolaog the pandemonium lord
134310 | Zig:21   | Killed Ataiwemah the pandemonium lord
134311 | Zig:21   | Noticed Rineim the pandemonium lord
134319 | Zig:21   | Noticed Facketem the pandemonium lord
134320 | Zig:21   | Noticed Huobb the pandemonium lord
134320 | Zig:21   | Noticed Tyanimmu the pandemonium lord
134320 | Zig:21   | Killed Irghighe the pandemonium lord
134320 | Zig:21   | Received a gift from Trog
134323 | Zig:21   | Killed Hasuuk the pandemonium lord
134324 | Zig:21   | Noticed Ataonoal the pandemonium lord
134326 | Zig:21   | Noticed Valockun the pandemonium lord
134326 | Zig:21   | Noticed Zyadengo the pandemonium lord
134326 | Zig:21   | Noticed Bint the pandemonium lord
134326 | Zig:21   | Noticed Mofrunif the pandemonium lord
134327 | Zig:21   | Noticed Gerr the pandemonium lord
134327 | Zig:21   | Noticed Vytock the pandemonium lord
134342 | Zig:21   | Killed Zyadengo the pandemonium lord
134366 | Zig:21   | Killed Tyanimmu the pandemonium lord
134368 | Zig:21   | Killed Bint the pandemonium lord
134372 | Zig:21   | Paralysed by a giant eyeball for 4 turns
134379 | Zig:21   | Killed Rineim the pandemonium lord
134381 | Zig:21   | Killed Ataonoal the pandemonium lord
134383 | Zig:21   | Killed Facketem the pandemonium lord
134383 | Zig:21   | Killed Vytock the pandemonium lord
134387 | Zig:21   | Killed Taluam the pandemonium lord
134391 | Zig:21   | Killed Huobb the pandemonium lord
134399 | Zig:21   | Killed Valockun the pandemonium lord
134402 | Zig:21   | Paralysed by a giant eyeball for 4 turns
134409 | Zig:21   | Killed Mofrunif the pandemonium lord
134415 | Zig:21   | Killed Gerr the pandemonium lord
134579 | Zig:21   | Got a coiled glass ring
134715 | Zig:21   | Got a faintly humming cloak
134726 | Zig:21   | Identified the +2 cloak of Noyjepp {rPois} (You acquired it on level 21 of a ziggurat)
134741 | Zig:22   | Entered Level 22 of a ziggurat
134808 | Zig:22   | Received a gift from Trog
135130 | Zig:23   | Entered Level 23 of a ziggurat
135175 | Zig:23   | Received a gift from Trog
135268 | Zig:23   | Received a gift from Trog
135408 | Zig:23   | Got a clouded jade ring
135431 | Zig:23   | Got a coiled jade ring
135500 | Zig:24   | Entered Level 24 of a ziggurat
135537 | Zig:24   | Reached skill level 50 in Axes
135539 | Zig:24   | Cast into level 3 of the Abyss (green draconian)
135668 | Zig:24   | Escaped the Abyss
135701 | Zig:24   | Received a gift from Trog
135701 | Zig:24   | Identified the ring of Balance {rN+ Dex+2 SP+25} (You found it on level 23 of a ziggurat)
135708 | Zig:24   | Received a gift from Trog
135731 | Zig:24   | Received a gift from Trog
135810 | Zig:24   | Got a scorched granite ring
135927 | Zig:24   | Reached skill level 15 in Throwing
135950 | Zig:25   | Entered Level 25 of a ziggurat
136005 | Zig:25   | Received a gift from Trog
136012 | Zig:25   | Received a gift from Trog
136013 | Zig:25   | Identified the ring "Laliefoy" {Fire rPois rN++ Str-3 Int+2} (You found it on level 12 of a ziggurat)
136013 | Zig:25   | Identified the ring "Forget-Me-Not" {rN+ Int+5} (You found it on level 23 of a ziggurat)
136138 | Zig:25   | Identified the Volume of Twisted Ice
136150 | Zig:25   | Got a crude amethyst amulet
136199 | Zig:25   | Gained mutation: You are covered in fur. (AC +1) [potion of beneficial mutation]
136243 | Zig:25   | Identified the amulet "Ukhlotsie" {QuickCast Str+3 Int-3} (You found it on level 25 of a ziggurat)
136250 | Zig:26   | Entered Level 26 of a ziggurat
136295 | Zig:26   | Noticed an ancient lich
136296 | Zig:26   | Noticed an ancient lich
136299 | Zig:26   | Received a gift from Trog
136304 | Zig:26   | Killed an ancient lich
136304 | Zig:26   | Killed an ancient lich
136308 | Zig:26   | Reached skill level 51 in Axes
136310 | Zig:26   | Noticed an ancient lich
136316 | Zig:26   | Noticed an ancient lich
136316 | Zig:26   | Killed an ancient lich
136327 | Zig:26   | Noticed an ancient lich
136327 | Zig:26   | Killed an ancient lich
136332 | Zig:26   | Noticed an ancient lich
136337 | Zig:26   | Killed an ancient lich
136338 | Zig:26   | Noticed an ancient lich
136340 | Zig:26   | Noticed an ancient lich
136340 | Zig:26   | Killed an ancient lich
136346 | Zig:26   | Killed an ancient lich
136350 | Zig:26   | Killed an ancient lich
136353 | Zig:26   | Received a gift from Trog
136500 | Zig:26   | Got a faintly glowing emerald amulet
136549 | Zig:27   | Entered Level 27 of a ziggurat
136594 | Zig:27   | Received a gift from Trog
136600 | Zig:27   | Gained mutation: You are immune to clouds of flame. [demonic ancestry]
136600 | Zig:27   | Reached XP level 34. HP: 217/400 MP: 100/100
136635 | Zig:27   | Received a gift from Trog
136816 | Zig:27   | Received a gift from Trog
136826 | Zig:27   | Got a sparkling granite ring
136833 | Zig:27   | Got a bound turquoise ring
136837 | Zig:27   | Got a vibrating marble ring
136946 | Depths:7 | Entered Level 7 of the Depths
137546 | Depths:7 | Received a gift from Trog
137674 | Depths:7 | Received a gift from Trog
138329 | Depths:7 | Received a gift from Trog
139070 | Depths:7 | Reached skill level 52 in Axes
139079 | Depths:7 | Received a gift from Trog
139113 | Depths:7 | Found a gate to the Realm of Zot.
139201 | Hell     | Entered the Vestibule of Hell
139207 | Hell     | Noticed Geryon
139249 | Hell     | Received a gift from Trog
139261 | Hell     | Received a gift from Trog
139270 | Hell     | Received a gift from Trog
139308 | Hell     | Found a gateway to the freezing wastes of Cocytus.
139336 | Hell     | Killed Geryon
139591 | Hell     | Identified the ring "Orphu" {Dex+5 SP+25} (You found it on level 27 of a ziggurat)
139604 | Hell     | Found a gateway to the Iron City of Dis.
139772 | Hell     | Found a gateway to the decaying netherworld of Tartarus.
139865 | Hell     | Found a gateway to the ashen valley of Gehenna.
139952 | Geh:1    | Entered Level 1 of Gehenna
140310 | Geh:1    | Received a gift from Trog
145717 | Geh:1    | Received a gift from Trog
145837 | Geh:1    | Received a gift from Trog
147184 | Geh:1    | Received a gift from Trog
147476 | Geh:1    | Received a gift from Trog
147707 | Geh:1    | Received a gift from Trog
147744 | Zig:1    | Entered Level 1 of a ziggurat
147814 | Zig:2    | Entered Level 2 of a ziggurat
147862 | Zig:3    | Entered Level 3 of a ziggurat
147942 | Zig:4    | Entered Level 4 of a ziggurat
147995 | Zig:4    | Reached skill level 53 in Axes
148002 | Zig:5    | Entered Level 5 of a ziggurat
148107 | Zig:6    | Entered Level 6 of a ziggurat
148202 | Zig:7    | Entered Level 7 of a ziggurat
148217 | Zig:7    | Noticed Middedoc the pandemonium lord
148221 | Zig:7    | Received a gift from Trog
148223 | Zig:7    | Killed Middedoc the pandemonium lord
148295 | Zig:8    | Entered Level 8 of a ziggurat
148320 | Zig:8    | Noticed Diq Hoach the pandemonium lord
148322 | Zig:8    | Received a gift from Trog
148333 | Zig:8    | Killed Diq Hoach the pandemonium lord
148514 | Zig:9    | Entered Level 9 of a ziggurat
148536 | Zig:9    | Received a gift from Trog
148590 | Zig:9    | Got a wavering copper amulet
148592 | Zig:9    | Got a wavering brass ring
148645 | Zig:10   | Entered Level 10 of a ziggurat
148672 | Zig:10   | Received a gift from Trog
148799 | Zig:11   | Entered Level 11 of a ziggurat
148907 | Zig:11   | Received a gift from Trog
148921 | Zig:11   | Identified the Tome of Talismans and Time
148963 | Zig:12   | Entered Level 12 of a ziggurat
149001 | Zig:12   | Noticed Itucser the pandemonium lord
149007 | Zig:12   | Received a gift from Trog
149012 | Zig:12   | Killed Itucser the pandemonium lord
149048 | Zig:12   | Got a heavily runed bone ring
149055 | Zig:12   | Got a scintillating jade ring
149109 | Zig:13   | Entered Level 13 of a ziggurat
149123 | Zig:13   | Received a gift from Trog
149202 | Zig:13   | Identified the Almanac of Boosts and Weightlessness
149202 | Zig:13   | Got a translucent steel ring
149202 | Zig:13   | Got a smoking silver ring
149213 | Zig:14   | Entered Level 14 of a ziggurat
149241 | Zig:14   | Reached skill level 54 in Axes
149252 | Zig:14   | Reached XP level 35. HP: 396/411 MP: 100/100
149267 | Zig:14   | Got a translucent cloak
149278 | Zig:14   | Identified the +2 cloak "Jagrata" {rC++ Dex-2} (You found it on level 14 of a ziggurat)
149300 | Zig:14   | Received a gift from Trog
149365 | Zig:14   | Got a crude zirconium amulet
149384 | Zig:15   | Entered Level 15 of a ziggurat
149408 | Zig:15   | Identified the ring of Ziorabae {Ice MR+ Str-2 Dex+5 SP+25} (You found it on level 9 of a ziggurat)
149431 | Zig:15   | Received a gift from Trog
149516 | Zig:15   | Got a distressingly furry cloak
149522 | Zig:15   | Identified the cursed +0 cloak of Muotsuno {*Contam rN+++} (You found it on level 15 of a ziggurat)
149554 | Zig:15   | Gained mutation: You regenerate health slowly. [mutagenic glow]
149580 | Zig:16   | Entered Level 16 of a ziggurat
149820 | Zig:16   | Got a crude amber ring
149827 | Zig:16   | Got a scorched graven amulet
149886 | Zig:17   | Entered Level 17 of a ziggurat
149947 | Zig:17   | Received a gift from Trog
150206 | Zig:17   | Got a steaming silver ring
150271 | Zig:18   | Entered Level 18 of a ziggurat
150561 | Zig:19   | Entered Level 19 of a ziggurat
150599 | Zig:19   | Received a gift from Trog
150613 | Zig:19   | Identified the ring of the Middle {MP+25 Int+2} (You found it on level 17 of a ziggurat)
150732 | Zig:20   | Entered Level 20 of a ziggurat
150753 | Zig:20   | Noticed an ancient lich
150763 | Zig:20   | Noticed an ancient lich
150764 | Zig:20   | Killed an ancient lich
150770 | Zig:20   | Reached skill level 55 in Axes
150774 | Zig:20   | Killed an ancient lich
150790 | Zig:20   | Received a gift from Trog
150907 | Zig:20   | Got a heavily runed iron amulet
150995 | Zig:21   | Entered Level 21 of a ziggurat
151028 | Zig:21   | Identified the ring "Buak" {+Fly rPois rF+ MR+ Str-2} (You found it on level 13 of a ziggurat)
151041 | Zig:21   | Paralysed by accursed screaming for 2 turns
151044 | Zig:21   | Identified a +6 rod of inaccuracy (12/12) (You found it on level 19 of a ziggurat)
151068 | Zig:21   | Cast into level 3 of the Abyss (spatial maelstrom)
151069 | Abyss:3  | Lost mutation: You regenerate health slowly. [potion of cure mutation]
151069 | Abyss:3  | Lost mutation: Your mind is acute. (Int +2) [potion of cure mutation]
151069 | Abyss:3  | Lost mutation: You have an increased reservoir of stamina (+25 SP). [potion of cure mutation]
151150 | Abyss:3  | Found a corrupted altar of Lugonu.
151158 | Zig:21   | Escaped the Abyss
151255 | Zig:21   | Received a gift from Trog
151284 | Zig:21   | Got a coiled amber ring
151288 | Zig:21   | Got a coiled marble ring
151292 | Zig:21   | Identified the Compendium of the Compass and Light
151327 | Zig:22   | Entered Level 22 of a ziggurat
151370 | Zig:22   | Received a gift from Trog
151385 | Zig:22   | Received a gift from Trog
151586 | Zig:22   | Got a scorched fire dragon armour
151644 | Zig:23   | Entered Level 23 of a ziggurat
151699 | Zig:23   | Received a gift from Trog
151714 | Zig:23   | Received a gift from Trog
152019 | Zig:23   | Reached skill level 15 in Stealth
152044 | Zig:24   | Entered Level 24 of a ziggurat
152064 | Zig:24   | Reached skill level 56 in Axes
152083 | Zig:24   | Received a gift from Trog
152285 | Zig:24   | Received a gift from Trog
152361 | Zig:25   | Entered Level 25 of a ziggurat
152383 | Zig:25   | Identified the ring of Bankom {MR++ Slay+3} (You found it on level 21 of a ziggurat)
152393 | Zig:25   | Identified the +3 fire dragon armour "Jatu" {*Drain +Fly rElec rF++ rC-} (You found it on level 22 of a ziggurat)
152401 | Zig:25   | Received a gift from Trog
152413 | Zig:25   | HP: 30/411 [shot self (25)]
152413 | Zig:25   | Reached XP level 36. HP: 30/422 MP: 100/100
152789 | Zig:25   | Got a pitted lapis lazuli ring
152912 | Zig:26   | Entered Level 26 of a ziggurat
152932 | Zig:26   | Received a gift from Trog
152960 | Zig:26   | Received a gift from Trog
153415 | Zig:26   | Got a glittering amber ring
153425 | Zig:26   | Got a scintillating tin ring
153429 | Zig:26   | Got a fine golden amulet
153439 | Zig:26   | Got a clouded amber ring
153456 | Zig:26   | Got a bound bronze ring
153461 | Zig:26   | Got a translucent tin ring
153531 | Zig:27   | Entered Level 27 of a ziggurat
153547 | Zig:27   | Received a gift from Trog
153563 | Zig:27   | Reached skill level 57 in Axes
153576 | Zig:27   | Received a gift from Trog
153589 | Zig:27   | Received a gift from Trog
153613 | Zig:27   | Received a gift from Trog
153892 | Zig:27   | Got a vibrating turquoise ring
153900 | Zig:27   | Got a brightly glowing amethyst amulet
153903 | Zig:27   | Received a gift from Trog
154028 | Geh:1    | Fell from the grace of Trog
154028 | Geh:1    | Reached skill level 27 in Evocations
154745 | Orc:6    | Became a worshipper of Trog the Wrathful
155558 | Geh:2    | Reached * piety under Trog
155632 | Geh:2    | Reached skill level 10 in Unarmed Combat
156234 | Geh:2    | Identified the ring "Sykaji" {+Inv rElec EV+3 Dex+4 SP-25} (You found it on level 26 of a ziggurat)
156957 | Geh:2    | Received a gift from Trog
156969 | Geh:2    | Received a gift from Trog
159199 | Geh:4    | Received a gift from Trog
159798 | Geh:4    | Received a gift from Trog
159798 | Geh:4    | Identified the amulet of Bizuot Dem {Dismiss SP+25 Stlth+} (You found it on level 26 of a ziggurat)
160246 | Geh:4    | Received a gift from Trog
161142 | Geh:5    | Reached skill level 58 in Axes
161155 | Geh:5    | Received a gift from Trog
161781 | Geh:5    | Received a gift from Trog
162858 | Geh:6    | Received a gift from Trog
162903 | Geh:7    | Entered Level 7 of Gehenna
162997 | Geh:7    | Got a coiled tin ring
163114 | Geh:7    | Received a gift from Trog
163406 | Geh:7    | Got a pitted granite ring
163583 | Geh:7    | Noticed Asmodeus
163612 | Geh:7    | Killed Asmodeus
163681 | Geh:7    | Got an obsidian rune of Zot
163908 | Coc:1    | Entered Level 1 of Cocytus
164564 | Coc:3    | Received a gift from Trog
165053 | Coc:7    | Entered Level 7 of Cocytus
165088 | Coc:7    | Reached skill level 59 in Axes
165236 | Coc:7    | Reached XP level 37. HP: 433/433 MP: 100/100
165255 | Coc:7    | Noticed the Serpent of Hell
165267 | Coc:7    | Killed the Serpent of Hell
165463 | Coc:7    | Noticed Antaeus
165497 | Coc:7    | Killed Antaeus
165497 | Coc:7    | Identified the ring "Loyloyhaza" {Slay+5 SInv} (You found it on level 27 of a ziggurat)
165520 | Coc:7    | Got an icy rune of Zot
165560 | Coc:7    | Received a gift from Trog
165580 | Coc:7    | Identified the ring "Sinereo" {*Tele rC+ Slay+3 Stlth+} (You found it on level 7 of Gehenna)
165939 | Tar:1    | Entered Level 1 of Tartarus
166160 | Tar:1    | Received a gift from Trog
166739 | Tar:7    | Entered Level 7 of Tartarus
166764 | Tar:7    | Reached skill level 60 in Axes
167005 | Tar:7    | Received a gift from Trog
167732 | Tar:7    | Noticed Ereshkigal
167742 | Tar:7    | Killed Ereshkigal
167792 | Tar:7    | Got a bony rune of Zot
167795 | Tar:7    | Got a bloodstained executioner's axe
167796 | Tar:7    | Identified the cursed +1 executioner's axe "Usun" {flame, Dex+5 SInv} (You found it on level 7 of Tartarus)
168312 | Pan      | Entered Pandemonium
168428 | Pan      | Noticed Gexol the pandemonium lord
168434 | Pan      | Killed Gexol the pandemonium lord
168437 | Pan      | Received a gift from Trog
168471 | Pan      | Gained mutation: You are dopey. (Int -2) [a cacodemon]
168473 | Pan      | Gained mutation: You are weak. (Str -2) [a cacodemon]
168862 | Pan      | Noticed Yngepneh the pandemonium lord
168873 | Pan      | Killed Yngepneh the pandemonium lord
168892 | Pan      | Received a gift from Trog
168928 | Pan      | Received a gift from Trog
168971 | Pan      | Reached skill level 61 in Axes
169034 | Pan      | Noticed Kedooluf the pandemonium lord
169041 | Pan      | Killed Kedooluf the pandemonium lord
169354 | Pan      | Gained mutation: You are very weak. (Str -4) [a cacodemon]
169362 | Pan      | Received a gift from Trog
169610 | Pan      | Found an exit through the horrors of the Abyss.
171304 | Pan      | Noticed Qyfoud the pandemonium lord
171316 | Pan      | Killed Qyfoud the pandemonium lord
171557 | Pan      | Received a gift from Trog
171660 | Pan      | Found a huge runed gate.
171985 | Pan      | Noticed Zilout the pandemonium lord
171990 | Pan      | Killed Zilout the pandemonium lord
172010 | Pan      | Got a demonic rune of Zot
172088 | Pan      | Received a gift from Trog
172135 | Pan      | Received a gift from Trog
172201 | Pan      | Received a gift from Trog
172216 | Pan      | Gained mutation: Your flesh is very heat resistant. (rF++) [a cacodemon]
172631 | Pan      | Noticed Jutsaici the pandemonium lord
172637 | Pan      | Killed Jutsaici the pandemonium lord
172715 | Pan      | Found a glowing silver altar of Zin.
172878 | Pan      | Received a gift from Trog
173167 | Pan      | Gained mutation: You can hurl hellfire. [demonic ancestry]
173167 | Pan      | Reached XP level 38. HP: 444/444 MP: 100/100
173180 | Pan      | Got a scorched turquoise ring
173189 | Pan      | Found a glowing golden altar of the Shining One.
173610 | Pan      | Received a gift from Trog
173714 | Pan      | Reached skill level 62 in Axes
173767 | Pan      | Found a white marble altar of Elyvilon.
173861 | Pan      | Entered the realm of Mnoleg.
173908 | Pan      | Gained mutation: You are very weak. (Str -4) [a neqoxec]
173968 | Pan      | Noticed Mnoleg
173986 | Pan      | Paralysed by a giant eyeball for 2 turns
174004 | Pan      | Killed Mnoleg
174017 | Pan      | Received a gift from Trog
174079 | Pan      | Got a glowing rune of Zot
174307 | Pan      | Received a gift from Trog
174419 | Pan      | Gained mutation: Your cowardice makes you less effective in combat with threatening monsters. [a neqoxec]
174733 | Pan      | Noticed Huafus the pandemonium lord
174741 | Pan      | Killed Huafus the pandemonium lord
174878 | Pan      | Entered the realm of Cerebov.
175044 | Pan      | Found an exit through the horrors of the Abyss.
175111 | Pan      | Received a gift from Trog
175130 | Pan      | Got a scorched silver ring
175131 | Pan      | Noticed Cerebov
175179 | Pan      | Killed Cerebov
175197 | Pan      | Got a fiery rune of Zot
175299 | Pan      | Received a gift from Trog
175644 | Pan      | Entered the realm of Gloorx Vloq.
175836 | Pan      | Received a gift from Trog
175893 | Pan      | Identified the ring of Zeuth {rCorr Str+2} (You took it off a seraph in Pandemonium)
176020 | Pan      | Noticed Gloorx Vloq
176025 | Pan      | Killed Gloorx Vloq
176051 | Pan      | Got a dark rune of Zot
176127 | Pan      | Received a gift from Trog
176169 | Pan      | Noticed Mennas
176179 | Pan      | Killed Mennas
176188 | Pan      | Identified the ring of the Mackerel {SustAt *Drain rF+ rN+++ Slay+3} (You took it off a black sun in Pandemonium)
176236 | Pan      | Received a gift from Trog
176414 | Pan      | Entered the realm of Lom Lobon.
176628 | Pan      | Reached skill level 63 in Axes
176949 | Pan      | Received a gift from Trog
176998 | Pan      | Noticed Lom Lobon
177024 | Pan      | Killed Lom Lobon
177032 | Pan      | Got a magical rune of Zot
177297 | Pan      | Received a gift from Trog
177431 | Pan      | Found an exit through the horrors of the Abyss.
177437 | Pan      | Took an exit into the Abyss.
177437 | Abyss:1  | Escaped into the Abyss
177753 | Depths:3 | Escaped the Abyss
177988 | Dis:1    | Entered Level 1 of the Iron City of Dis
178352 | Dis:1    | Lost mutation: When seriously injured, your bleeding wounds create very thick armour. (AC +9) [potion of cure mutation]
178352 | Dis:1    | Lost mutation: You are covered in fur. (AC +1) [potion of cure mutation]
178352 | Dis:1    | Lost mutation: You are dopey. (Int -2) [potion of cure mutation]
178352 | Dis:1    | Lost mutation: You are very weak. (Str -4) [potion of cure mutation]
178352 | Dis:1    | Lost mutation: A powerful demonic guardian rushes to your aid. [potion of cure mutation]
178389 | Dis:1    | Lost mutation: Your cowardice makes you less effective in combat with threatening monsters. [potion of cure mutation]
178389 | Dis:1    | Lost mutation: Your flesh is very heat resistant. (rF++) [potion of cure mutation]
178389 | Dis:1    | Lost mutation: You occasionally figure out what unidentified objects are. [potion of cure mutation]
178389 | Dis:1    | Lost mutation: You are very weak. (Str -4) [potion of cure mutation]
178389 | Dis:1    | Lost mutation: You are weak. (Str -2) [potion of cure mutation]
178389 | Dis:1    | Lost mutation: You are somewhat able to resist unholy torments (50% chance). [potion of cure mutation]
178390 | Dis:1    | Lost mutation: You passively map the area around you. [potion of cure mutation]
178390 | Dis:1    | Lost mutation: You passively map a small area around you. [potion of cure mutation]
178697 | Dis:2    | Received a gift from Trog
179628 | Dis:4    | Gained mutation: You have very sharp teeth. [potion of mutation]
179628 | Dis:4    | Gained mutation: You are resistant to electric shocks. (rElec) [potion of mutation]
179628 | Dis:4    | Gained mutation: You have large cloven feet. [potion of mutation]
179629 | Dis:4    | Gained mutation: You passively map a small area around you. [potion of mutation]
179629 | Dis:4    | Gained mutation: You are weak. (Str -2) [potion of mutation]
179629 | Dis:4    | Gained mutation: You are agile. (Dex +2) [potion of mutation]
180318 | Dis:4    | Gained mutation: Your stamina capacity is low (-25 SP). [a cacodemon]
180472 | Dis:5    | Lost mutation: You are resistant to electric shocks. (rElec) [potion of cure mutation]
180472 | Dis:5    | Lost mutation: Your stamina capacity is low (-25 SP). [potion of cure mutation]
180472 | Dis:5    | Lost mutation: You passively map a small area around you. [potion of cure mutation]
180472 | Dis:5    | Lost mutation: You have large cloven feet. [potion of cure mutation]
180752 | Dis:6    | Received a gift from Trog
180830 | Dis:6    | Lost mutation: You are weak. (Str -2) [potion of mutation]
180830 | Dis:6    | Gained mutation: Your spells are a little harder to cast, but a little more powerful. [potion of mutation]
180831 | Dis:6    | Gained mutation: You passively map a small area around you. [potion of mutation]
180831 | Dis:6    | Gained mutation: You passively map the area around you. [potion of mutation]
180871 | Dis:6    | Received a gift from Trog
181986 | Dis:7    | Entered Level 7 of the Iron City of Dis
182017 | Dis:7    | Received a gift from Trog
182487 | Dis:7    | Reached skill level 64 in Axes
182741 | Dis:7    | Received a gift from Trog
183314 | Dis:7    | Noticed Dispater
183346 | Dis:7    | Killed Dispater
183428 | Dis:7    | Got an iron rune of Zot
183443 | Dis:7    | Got a pair of faintly glowing boots
183471 | Dis:7    | Identified the +0 pair of boots of Jivap {RegenHP+} (You found it on level 7 of the Iron City of Dis)
183833 | Zot:1    | Entered Level 1 of the Realm of Zot
183886 | Zot:1    | Received a gift from Trog
184573 | Zot:2    | Received a gift from Trog
184811 | Zot:2    | Received a gift from Trog
185083 | Zot:2    | Received a gift from Trog
185286 | Zot:2    | Received a gift from Trog
185289 | Zot:2    | Got a brightly glowing executioner's axe {god gift}
185290 | Zot:2    | Identified the +10 executioner's axe of Orb Guardian's Foe {elec, Int+3} (Trog gifted it to you on level 2 of the Realm of Zot)
185463 | Zot:3    | Reached skill level 65 in Axes
185863 | Zot:3    | Received a gift from Trog
186170 | Zot:3    | Received a gift from Trog
188220 | Zot:4    | Received a gift from Trog
188940 | Zig:1    | Entered Level 1 of a ziggurat
188990 | Zig:2    | Entered Level 2 of a ziggurat
189069 | Zig:3    | Entered Level 3 of a ziggurat
189173 | Zig:4    | Entered Level 4 of a ziggurat
189290 | Zig:5    | Entered Level 5 of a ziggurat
189333 | Zig:5    | Received a gift from Trog
189704 | Zig:6    | Entered Level 6 of a ziggurat
190137 | Zig:7    | Entered Level 7 of a ziggurat
190176 | Zig:7    | Received a gift from Trog
190223 | Zig:7    | Got a steaming brass ring
190426 | Zig:8    | Entered Level 8 of a ziggurat
190846 | Zig:9    | Entered Level 9 of a ziggurat
191462 | Zig:10   | Entered Level 10 of a ziggurat
191540 | Zig:10   | Received a gift from Trog
191818 | Zig:10   | Got a shimmering lapis lazuli ring
191821 | Zig:10   | Reached skill level 10 in Staves
191823 | Zig:10   | Got a twitching golden ring
191876 | Zig:10   | Reached skill level 10 in Maces & Flails
191891 | Zig:11   | Entered Level 11 of a ziggurat
191922 | Zig:11   | Reached skill level 66 in Axes
191926 | Zig:11   | Noticed an ancient lich
191938 | Zig:11   | Killed an ancient lich
191938 | Zig:11   | Received a gift from Trog
192509 | Zot:7    | Entered Level 7 of the Realm of Zot
192792 | Zot:7    | Received a gift from Trog
192897 | Zot:7    | Noticed an ancient lich
192901 | Zot:7    | Killed an ancient lich
192922 | Zot:7    | Noticed an orb of fire
192932 | Zot:7    | Killed an orb of fire
192990 | Zot:7    | Noticed an orb of fire
192999 | Zot:7    | Noticed an orb of fire
193002 | Zot:7    | Killed an orb of fire
193010 | Zot:7    | Killed an orb of fire
193180 | Zot:7    | Noticed an orb of fire
193190 | Zot:7    | Killed an orb of fire
193250 | Zot:7    | Received a gift from Trog
193276 | Zot:7    | Noticed an orb of fire
193282 | Zot:7    | Killed an orb of fire
193289 | Zot:7    | Noticed an orb of fire
193291 | Zot:7    | Noticed an orb of fire
193296 | Zot:7    | Killed an orb of fire
193299 | Zot:7    | Killed an orb of fire
193593 | Zot:7    | Got the Orb of Zot
193716 | Zot:7    | Noticed an ancient lich
193719 | Zot:7    | Noticed an ancient lich
193725 | Zot:7    | Killed an ancient lich
193728 | Zot:7    | Killed an ancient lich
193750 | Zot:7    | Received a gift from Trog
193881 | Zot:7    | Entered Level 7 of the Realm of Zot
193916 | Zot:5    | Noticed an orb of fire
193924 | Zot:5    | Killed an orb of fire
193988 | Zot:5    | Received a gift from Trog
194066 | Zot:4    | Gained mutation: A powerful demonic guardian rushes to your aid. [demonic ancestry]
194066 | Zot:4    | Reached XP level 39. HP: 430/455 MP: 75/100
194346 | Zot:2    | Reached skill level 67 in Axes
194390 | Zot:1    | Entered Level 1 of the Realm of Zot
194445 | Zot:$    | Escaped with the Orb!

Skill      XL: |  1  2  3  4  5  6  7  8  9 10 11 12 13 14 15 16 17 18 19 20 21 22 23 24 25 26 27 28 29 30 31 32 33 34 35 36 37 38 39 |
---------------+----------------------------------------------------------------------------------------------------------------------+-----
Armour         | 2 3 4 5 6 7 8 9 10 11 12 13 14 15 16 17 18 19 24 28 33 37 38 39 40 | 40.1
Dodging        | 2 3 4 5 8 10 12 13 15 17 19 20 23 30 35 36 37 39 40 | 40.5
Fighting       | 4 5 6 7 8 9 11 12 13 15 16 18 19 21 22 23 25 26 27 29 31 33 38 42 44 47 48 50 52 56 | 56.2
Axes           | 4 5 6 7 8 9 10 11 13 14 16 18 19 21 23 25 27 29 31 33 35 37 40 44 48 51 54 56 59 61 66 67 | 67.0
Evocations     | 4 6 13 21 22 23 26 27 | 27.1
Fire Magic     | 5 |  5.1
Throwing       | 11 15 17 20 22 24 | 24.4
Stealth        | 15 18 19 20 | 20.0
Unarmed Combat | 9 10 11 | 11.9
Shields        | 6 |  6.5
Earth Magic    | 6 |  6.5
Maces & Flails | 12 | 12.8
Staves         | 12 | 12.4
Polearms       | 7 |  7.8

Action                   |  1- 3 |  4- 6 |  7- 9 | 10-12 | 13-15 | 16-18 | 19-21 | 22-24 | 25-27 | 28-30 | 31-33 | 34-36 | 37-39 || total
-------------------------+-------+-------+-------+-------+-------+-------+-------+-------+-------+-------+-------+-------+-------++-------
Melee: Hand axe          |   100 |   705 |   413 |       |       |       |       |       |       |       |       |       |       ||  1218
       Battleaxe         |       |       |   213 |   611 |  1604 |   357 |       |       |       |       |       |       |       ||  2785
       Peck              |       |       |       |    27 |       |       |       |       |       |       |       |       |       ||    27
       Executioner's axe |       |       |       |       |       |   975 |  1581 |  1811 |  1906 |  2552 |  3546 |  5220 |  7227 || 24818
       Broad axe         |       |       |       |       |       |       |       |       |       |   609 |       |       |       ||   609
       Unarmed           |       |       |       |       |       |       |       |       |       |       |    17 |       |       ||    17
       Bite              |       |       |       |       |       |       |       |       |       |       |       |       |   609 ||   609
       Maul              |       |       |       |       |       |       |       |       |       |       |       |       |    27 ||    27
Throw: Javelin           |       |       |       |       |       |       |       |       |       |       |       |   315 |    43 ||   358
       Tomahawk          |       |       |       |       |       |       |       |       |       |       |       |   160 |    42 ||   202
       Stone             |       |       |       |       |       |       |       |       |       |       |       |    27 |    51 ||    78
       Large rock        |       |       |       |       |       |       |       |       |       |       |       |       |   163 ||   163
Invok: Berserk           |       |     2 |     2 |     3 |     3 |     3 |       |       |       |       |     1 |       |       ||    14
       Trog's Hand       |       |     2 |     1 |     4 |     5 |     7 |     5 |     3 |     3 |     6 |    11 |     5 |       ||    52
       Burn Spellbooks   |       |     1 |       |     1 |     2 |     3 |     6 |    10 |    14 |    23 |    69 |    40 |    25 ||   194
       Brothers in Arms  |       |       |     2 |     1 |     6 |     6 |     3 |     4 |     1 |     4 |    10 |    10 |     1 ||    48
 Abil: Hellfire          |       |       |       |       |       |       |       |       |       |       |       |       |    13 ||    13
Evoke: Wand              |       |       |       |       |     4 |     4 |       |       |     3 |    10 |    25 |    11 |    24 ||    81
       Figurine of a zig |       |       |       |       |       |       |       |       |       |       |     1 |     1 |     1 ||     3
       Disc of storms    |       |       |       |       |       |       |       |       |       |       |     2 |     4 |     1 ||     7
       Phantom mirror    |       |       |       |       |       |       |       |       |       |       |     1 |       |       ||     1
       Box of beasts     |       |       |       |       |       |       |       |       |       |       |       |     1 |       ||     1
  Use: Scroll            |       |    18 |     6 |     4 |     4 |    14 |    10 |    27 |    11 |    24 |    33 |    18 |    46 ||   215
       Potion            |       |       |     5 |     6 |     5 |     5 |     4 |     3 |       |    14 |    33 |    22 |    33 ||   130
 Stab: Sleeping          |     3 |       |       |     1 |     3 |     5 |     1 |       |     1 |       |     1 |    15 |    38 ||    68
       Distracted        |       |       |       |     1 |     7 |     7 |     4 |    11 |     7 |    12 |    41 |    67 |    71 ||   228
       Paralysed         |       |       |       |       |       |       |       |       |       |     2 |       |       |     1 ||     3
       Petrified         |       |       |       |       |       |       |       |       |       |       |     2 |       |     3 ||     5
       Confused          |       |       |       |       |       |       |       |       |       |       |     2 |       |       ||     2
       Petrifying        |       |       |       |       |       |       |       |       |       |       |     6 |       |     3 ||     9
Armor: Animal skin       |     8 |     4 |       |       |       |       |       |       |       |       |       |       |       ||    12
       Chain mail        |       |   235 |   343 |       |       |       |       |       |       |       |       |       |       ||   578
       Ice dragon armour |       |       |    55 |   140 |       |       |    37 |       |       |       |       |       |       ||   232
       Plate armour      |       |       |       |   402 |  1625 |  1830 |  1220 |       |       |       |       |       |       ||  5077
       Crystal plate arm |       |       |       |       |       |       |   545 |  2405 |  1749 |  2955 |  3079 |  1903 |  2221 || 14857
       Skin              |       |       |       |       |       |       |       |       |       |       |     1 |       |       ||     1
Dodge: Dodged            |    72 |   411 |   508 |   623 |  1349 |  1212 |  1336 |  1283 |  1219 |  2297 |  5522 |  5779 |  7859 || 29470
       Deflected         |       |       |       |       |       |       |       |       |    43 |   143 |    99 |    41 |   102 ||   428
